 Dungeon Crawl Stone Soup version 0.30.0-29-ga12c61a403 (webtiles) character file.

Game seed: 6320296530967682738

696478 qw the Invulnerable (level 27, -4/179 HPs)
             Began as a Gargoyle Fighter on June 4, 2023.
             Was the Champion of the Shining One.
             Killed from afar by an ancient lich (8 damage)
             ... with a bolt of acid
             ... on level 6 of the Abyss.
             The game lasted 00:47:30 (65606 turns).

qw the Invulnerable (Gargoyle Fighter)             Turns: 65606, Time: 00:47:31

Health: -4/179     AC: 71    Str: 36    XL:     27
Magic:  26/26      EV: 19    Int:  6    God:    the Shining One [******]
Gold:   3745       SH: 18    Dex: 16    Spells: 26/26 levels left

rFire   + + .        s - +9 war axe (spect)
rCold   + + .        D - +2 shield of Resistance {rF++ rC++ Will++}
rNeg    + + +        i - +8 crystal plate armour "Otaot" {rN+ Dex+5}
rPois   inf          g - +0 helmet of Loss {Rampage rCorr Dex+4 Slay+5}
rElec   +            x - +2 cloak
rCorr   +            f - +2 pair of gloves
SInv    +            l - +2 pair of boots
Will    ++++.        S - amulet of faith Stlth
                     R - ring of Leaves {rElec AC+4 Str+3 SInv}
HPRegen 0.49/turn    j - +5 ring of evasion
MPRegen 0.20/turn

%: random rage (3%), rampage, faith
@: about to teleport, flying, glowing
A: sickness immunity, AC +20, big wings, negative energy resistance 1,
electricity resistance, torment resistance 1, petrification resistance, talons
1, see invisible, berserk 1, clumsy 1, deformed body, dopey 2, frail 1, low MP
3, screaming 1, inability to read after injury 1
}: 5/15 runes: barnacled, slimy, silver, golden, gossamer
a: Renounce Religion, Divine Shield, Cleansing Flame, Summon Divine Warrior


You were on level 6 of the Abyss.
You worshipped the Shining One.
The Shining One was exalted by your worship.
You visited 12 branches of the dungeon, and saw 55 of its levels.
You visited the Abyss 2 times.
You also visited: Sewer.

You collected 9515 gold pieces.
You spent 5770 gold pieces at shops.


Innate Abilities, Weirdness & Mutations

You are immune to sickness and miasma.
Your stone body is resilient. (AC +20)
You are immune to poison.
Your large and strong wings let you fly.
You resist negative energy. (rN+)
You are resistant to electric shocks. (rElec)
You are resistant to unholy torment.
You are immune to petrification.
You have sharp toenails.
You have supernaturally acute eyesight. (SInv)
You sometimes lose your temper in combat.
You are clumsy. (Dex -2)
Armour fits poorly on your strangely shaped body.
You are very dopey. (Int -4)
You are frail. (-10% HP)
Your magical capacity is extremely low. (-30% MP)
You occasionally shout uncontrollably at your foes.
You occasionally lose the ability to read scrolls when taking damage.


   Skills:
 O Level 27 Fighting
 - Level 18.0 Axes
 - Level 14.0 Throwing
 O Level 27 Armour
 + Level 12.8 Dodging
 - Level 21.0 Shields
 - Level 22.0 Invocations


You had 26 spell levels left.
You didn't know any spells.
Your spell library was empty.

Inventory:

Hand Weapons
 s - a +9 spectral war axe (weapon)
 E - a +6 broad axe of holy wrath
Armour
 b - a +0 tower shield
 f - a +2 pair of gloves (worn)
 g - the +0 helmet of Loss (worn) {Rampage rCorr Dex+4 Slay+5}
   (You found it on level 3 of the Tomb of the Ancients)

   Dex:       It affects your dexterity (+4).
   Slay:      It affects your accuracy & damage with ranged weapons and melee
   (+5).
   rCorr:     It protects you from acid and corrosion.
   Rampage:   It bestows one free step when moving towards enemies.
 i - the +8 crystal plate armour "Otaot" (worn) {rN+ Dex+5}
   (You acquired it on level 6 of the Dungeon)

   Dex:       It affects your dexterity (+5).
   rN:        It protects you from negative energy.
 l - a +2 pair of boots (worn)
 n - the +2 gold dragon scales "Xikhog" {rPois rF+ rC+ Int+2}
   (Okawaru gifted it to you on level 3 of the Spider Nest)

   Int:       It affects your intelligence (+2).
   rF:        It protects you from fire.
   rC:        It protects you from cold.
   rPois:     It protects you from poison.
 x - a +2 cloak (worn)
 D - the +2 shield of Resistance (worn) {rF++ rC++ Will++}
   (You acquired it on level 2 of the Lair of Beasts)

   rF:        It greatly protects you from fire.
   rC:        It greatly protects you from cold.
   Will:      It greatly increases your willpower.
 P - the +10 plate armour of the Harvest Moon {rElec rPois rF++ Str-3}
   (Okawaru gifted it to you on level 4 of the Shoals)

   Str:       It affects your strength (-3).
   rF:        It greatly protects you from fire.
   rElec:     It insulates you from electricity.
   rPois:     It protects you from poison.
Jewellery
 c - the ring "Ohuacsit" {rElec rF- rC+ rN++ Dex+6}
   (You found it on level 1 of the Crypt)

   [ring of dexterity]

   Dex:       It affects your dexterity (+6).
   rF:        It makes you vulnerable to fire.
   rC:        It protects you from cold.
   rElec:     It insulates you from electricity.
   rN:        It greatly protects you from negative energy.
 e - a ring of protection from cold
 j - a +5 ring of evasion (right hand)
 o - the amulet "Ulaontua" {Drain rElec Regen+ Str+6}
   (You found it on level 6 of the Dungeon)

   [amulet of regeneration]

   Str:       It affects your strength (+6).
   rElec:     It insulates you from electricity.
   Regen:     It increases your rate of health regeneration.
   Drain:     It drains your maximum health when unequipped.
 y - the ring "Vibon" {rF+ Str+4}
   (You found it on level 3 of the Tomb of the Ancients)

   [ring of protection from fire]

   Str:       It affects your strength (+4).
   rF:        It protects you from fire.
 C - a ring of protection from cold
 N - the ring "Wuvahyow" {Fire Will+++ Str-5 Dex-4 SInv}
   (You took it off a deep elf death mage on level 5 of the Vaults)

   [ring of fire]

   It enhances your fire magic.
   Str:       It affects your strength (-5).
   Dex:       It affects your dexterity (-4).
   rF:        It protects you from fire.
   rC:        It makes you vulnerable to cold.
   SInv:      It lets you see invisible.
   Will:      It greatly increases your willpower.
 Q - the amulet of Xom, Nurturing {Acrobat Rampage rC+ Str+3 Int-4}
   (You bought it in a shop on level 4 of the Depths)

   [amulet of the acrobat]

   It increases your evasion while moving and waiting.
   Str:       It affects your strength (+3).
   Int:       It affects your intelligence (-4).
   rC:        It protects you from cold.
   Rampage:   It bestows one free step when moving towards enemies.
 R - the ring of Leaves (left hand) {rElec AC+4 Str+3 SInv}
   (You bought it in a shop on level 4 of the Depths)

   [ring of protection]

   AC:        It affects your AC (+4).
   Str:       It affects your strength (+3).
   rElec:     It insulates you from electricity.
   SInv:      It lets you see invisible.
 S - an amulet of faith (around neck)
 V - a ring of protection from fire
Wands
 m - a wand of digging (36)
Scrolls
 a - 40 scrolls of identify
 t - 5 scrolls of brand weapon
 w - 8 scrolls of teleportation
 F - 13 scrolls of enchant armour
Potions
 d - 14 potions of might
 h - 6 potions of cancellation
 q - 5 potions of resistance
 r - 7 potions of haste
 u - 9 potions of attraction
 v - 17 potions of curing
 B - 6 potions of lignification

Dungeon Overview and Level Annotations

Branches:
Dungeon (15/15)            Temple (1/1) D:5            Lair (5/5) D:11
 Shoals (4/4) Lair:3       Spider (4/4) Lair:3        Slime (5/5) Lair:4
    Orc (2/2) D:12            Elf (0/3) Orc:2        Vaults (5/5) D:13
  Crypt (3/3) Vaults:3       Tomb (3/3) Crypt:3      Depths (4/4) D:15
    Zot (4/5) Depths:4      Sewer (visited)

Altars:
Ashenzari
Cheibriados
Dithmenos
Elyvilon
Fedhas
Gozag
Hepliaklqana
Kikubaaqudgha
Makhleb
Nemelex Xobeh
Okawaru
Qazlal
Ru
Sif Muna
Trog
Uskayaw
Vehumet
Wu Jian
Xom
Yredelemnul
Zin
The Shining One
Jiyva
Lugonu

Shops:
D:1 =   D:6 [   D:7 =   D:8 =   D:12 [   Orc:2 (([(   Shoals:1 ?   Shoals:4 [
Vaults:3 (   Depths:3 *   Depths:4 ==:

Portals:
Hell: Depths:1 Depths:2 Depths:3 Depths:4
Abyss: Depths:1 Depths:3
Pandemonium: Depths:2 Depths:3
Ziggurat: Depths:4

Annotations:
D:6 1 runed translucent door, qw's ghost, novice GrFi
D:7 3 runed translucent doors, qw's ghost, novice GrFi
D:9 2 transporters, Tixazyof's ghost, novice GnAr
Lair:1 3 runed translucent doors, qw's ghost, journeyman GrFi
Lair:5 1 runed translucent door
Crypt:1 9 runed translucent doors
Crypt:2 1 transporter
Depths:3 1 runed translucent door
Zot:1 3 transporters, qw's ghost, veteran GrFi


Message History

Your angel is healed somewhat.
You block the death knight's attack.
The raiju bursts into living lightning!
The living lightning hits you but does no damage.
You resist.
The raiju blinks!
Things that are here:
a raiju corpse; an ugly thing corpse You slash the death knight!
The death knight is heavily wounded.
Your +9 spectral war axe hits the death knight!
Your +9 spectral war axe suffers a backlash!
Your spectral weapon shares its damage with you!
The death knight reflects your damage back at you!
Your angel gestures.
Your angel is healed somewhat.
You block the death knight's attack.
You slice the death knight like a ripe choko!!!
You kill the death knight!
The Shining One accepts your kill.
You feel better.
Your damage is reflected back at you!
Your +9 spectral war axe disappears.
You plunge deeper into the Abyss.
The abyssal rune of Zot can be found at this depth.
The abyss shimmers again as the detected abyssal rune vanishes from your memory and reappears.
An ancient lich comes into view.
Found a gateway leading out of the Abyss. 2 large abominations come into view.
Waypoint 61 assigned to Abyss:6.
65605 ||| READING 9 scrolls of teleportation.
As you read the scroll of teleportation, it crumbles to dust.
You feel strangely unstable.
You feel the power of the Abyss delaying your translocation!
The Executioner gives a hideous shriek!
A white ugly thing comes into view.
You rampage towards the ancient lich!
The white ugly thing gurgles horribly!
The ancient lich points at you and mumbles some strange words.
The bolt of acid hits you! You resist.
You die...

##..#.# ##...#
....... .....
.......#........\
........... .....
..L..... ......
#...u. ....~.
...##...###...#..
.......@.#.....~.
.................
..........\......
..............X..
.........#...¤¤..
...#.....#....#.#
.........#.......
......1..........
.\...¤..........


You could see an ancient lich, a white ugly thing, an Executioner and a large
abomination.

Vanquished Creatures
  the Royal Jelly (Slime:5)
  4 dread liches
  An orb of fire (Zot:1)
  18 royal mummies
  Josephina (Zot:3)
  Sojobo (Vaults:5)
  Bai Suzhen (Spider:3)
  Vv (Zot:4)
  6 curse toes
  Xtahua (Vaults:5)
  Nikola (Shoals:2)
  A profane servitor (Abyss:4)
  2 golden dragons
  11 bone dragons
  A hellephant (Abyss:5)
  2 electric golems
  24 tentacled monstrosities
  2 Hell Sentinels
  A walking crystal tome (Depths:2)
  6 liches
  6 deep elf blademasters
  7 deep elf master archers
  15 titans
  2 krakens
  4 quicksilver dragons
  13 acid blobs
  6 death cobs
  20 tentacled starspawn
  Frances (D:14)
  2 Executioners (Abyss:4)
  8 ancient champions
  6 tengu reavers
  11 sphinxes
  Agnes (D:14)
  9 rockslimes
  Donald (Spider:1)
  10 storm dragons
  8 draconian monks
  4 shadow dragons
  4 revenants
  4 draconian knights
  23 fire giants
  4 azure jellies (Slime:5)
  14 frost giants
  5 emperor scorpions
  4 draconian scorchers
  10 ghost moths
  17 vault wardens
  4 deep elf sorcerers
  A juggernaut zombie (Tomb:1)
  4 balrugs
  3 draconian stormcallers
  10 draconian shifters
  4 draconian annihilators
  3 iron dragons
  5 curse skulls
  3 angels
  A deep elf elementalist (Abyss:4)
  5 ghouls (Crypt:2)
  A cacodemon (Abyss:4)
  An orc warlord (Orc:2)
  3 quicksilver oozes (Slime:5)
  32 stone giants
  3 spriggan defenders
  38 very ugly things
  A broodmother (Spider:4)
  A war gargoyle (Vaults:3)
  15 ironbound preservers
  7 ironbound thunderhulks
  12 vampire knights
  2 reapers
  2 deep elf demonologists
  10 green draconians
  A lorocyproca (Abyss:5)
  12 white draconians
  5 bennus
  11 yellow draconians
  15 red draconians
  A juggernaut skeleton (Crypt:2)
  4 dire elephants (Vaults:3)
  Azrael (Orc:2)
  17 black draconians
  3 deep elf annihilators
  12 purple draconians
  8 ettins
  6 deep elf death magi
  8 spark wasps
  12 fire dragons
  8 merfolk impalers
  6 merfolk javelineers
  7 eidola
  15 mummy priests
  10 jiangshi
  Snorg (D:14)
  12 yaktaur captains
  2 entropy weavers
  A salamander tyrant (Depths:4)
  8 great orbs of eyes
  The ghost of qw the Cleaver, a journeyman GrFi of Okawaru (Lair:4)
  4 hydras
  5 deep elf high priests
  29 vault guards
  2 spriggan zombies
  12 ice dragons
  3 peacekeepers
  2 rakshasas
  5 spriggan air magi
  A hell beast (Depths:2)
  An anaconda (shapeshifter) (Vaults:5)
  4 merfolk aquamancers (Shoals:4)
  2 spriggan skeletons
  4 ogre magi (Vaults:5)
  A catoblepas (D:13)
  17 centaur warriors
  5 ironbound frosthearts
  4 alligator snapping turtles
  6 boulder beetles
  7 two-headed ogres
  A merfolk avatar (Shoals:2)
  A satyr (Shoals:2)
  4 radroaches
  4 death knights
  55 death scarabs
  2 deep troll shamans (Depths:2)
  A dancing weapon (Vaults:5)
  4 naga warriors
  An orc high priest (Orc:1)
  2 death yaks
  7 deep troll earth magi
  4 spriggan berserkers
  4 tengu warriors
  Urug (Lair:2)
  11 hell hogs
  6 soul eaters
  54 thrashing horrors
  10 vampire magi
  Nergalle (Orc:1)
  9 sun demons
  10 deep elf knights
  5 hell knights (Depths:4)
  30 skeletal warriors
  A titan skeleton (Crypt:1)
  A spark wasp zombie (Depths:2)
  3 spriggans
  A shadow wraith (Abyss:2)
  6 sixfirhies
  3 skysharks
  A salamander mystic (Depths:4)
  21 wretched stars
  8 pharaoh ants
  3 iron trolls
  31 deep trolls
  A storm dragon skeleton (Crypt:1)
  2 ghost moth zombies (Crypt:3)
  A death drake (Abyss:4)
  2 bog bodies (Crypt:2)
  13 glowing orange brains
  3 sun moths
  An anaconda zombie (Crypt:1)
  12 sea snakes
  13 harpies
  10 orb spiders
  19 ironbound convokers
  5 flayed ghosts
  5 steelbarb worms
  A golden dragon skeleton (Abyss:4)
  A swamp dragon (Lair:5)
  10 deep elf archers
  3 deep elf zephyrmancers (Crypt:1)
  A wolf spider zombie (Crypt:3)
  An iron giant skeleton (Crypt:2)
  15 lindwurms
  3 wizards
  18 phantasmal warriors
  7 deep elf pyromancers
  3 orc knights
  131 starcursed masses
  4 necromancers
  A mana viper (Abyss:5)
  A cyclops (shapeshifter) (Vaults:5)
  4 orc sorcerers
  An oklob plant (Lair:5)
  17 wolf spiders
  8 cyclopes
  14 manticores
  29 ugly things
  4 worldbinders
  4 centaur zombies (Crypt:3)
  5 shining eyes
  An eleionoma skeleton (Crypt:2)
  A faun (shapeshifter) (Vaults:5)
  27 moths of wrath
  4 salamanders (Depths:4)
  3 guardian serpents
  17 vault sentinels
  2 black mambas
  6 fauns
  6 merfolk sirens
  An alligator snapping turtle zombie (Crypt:3)
  A fire giant skeleton (Depths:2)
  3 elephants (Lair:5)
  A naga mage (Abyss:5)
  17 smoke demons
  5 water nymphs
  2 eyes of devastation (Slime:5)
  10 centaur skeletons (Crypt:3)
  An apocalypse crab (Abyss:5)
  A red draconian zombie (Crypt:2)
  7 torpor snails
  A rust devil (Depths:2)
  Maggie (Lair:2)
  An orange demon (Depths:2)
  39 yaktaurs
  4 hellions
  10 cane toads
  9 demonic crawlers
  An unseen horror (D:8)
  A swamp worm zombie (Crypt:2)
  5 kobold demonologists
  5 rime drakes
  A yaktaur (shapeshifter) (D:15)
  A bunyip simulacrum (Crypt:1)
  6 efreet
  2 dire elephant skeletons
  6 freezing wraiths
  11 komodo dragons
  A golden dragon simulacrum (Zot:3)
  20 ancient zymes
  A tengu conjurer (Depths:1)
  A tormentor (Abyss:2)
  2 ice devils
  8 harpy zombies
  An iron troll skeleton (Crypt:1)
  27 merfolk
  A wind drake (shapeshifter) (Abyss:4)
  10 hornets
  3 hellwings (Abyss:4)
  3 meliai (Spider:1)
  8 wind drakes
  19 tarantellas
  36 guardian mummies
  7 trolls
  3 tyrant leeches (Lair:5)
  A wolf spider simulacrum (D:12)
  15 blink frogs
  2 meliai zombies (Crypt:3)
  15 dream sheep
  A blink frog (shapeshifter) (Abyss:3)
  58 raiju
  8 snapping turtles
  A fire dragon zombie (Crypt:2)
  23 culicivoras
  61 slime creatures
  32 jumping spiders
  9 shadows
  24 flying skulls
  A yak (shapeshifter) (D:15)
  A naga simulacrum (Crypt:2)
  A fire dragon skeleton (Crypt:2)
  An ice dragon skeleton (Crypt:2)
  12 ushabtiu
  A slime creature zombie (Crypt:1)
  7 wyverns
  6 wraiths
  34 yaks
  7 ynoxinuls
  A dire elephant simulacrum (Abyss:4)
  7 vampires
  7 water elementals
  2 basilisks
  12 golden eyes
  13 neqoxecs
  An alligator snapping turtle simulacrum (Crypt:1)
  49 redbacks
  53 large abominations
  2 steam dragons (Lair:5)
  10 chaos spawn
  A fire elemental (Orc:2)
  A spatial vortex (Abyss:4)
  9 vampire mosquitoes
  A merfolk zombie (Crypt:2)
  Menkaure (D:4)
  26 small abominations
  6 nagas
  3 wargs
  3 acid dragons
  A glowing shapeshifter zombie (Crypt:3)
  14 water moccasins
  2 floating eyes (shapeshifter) (Vaults:5)
  A fire bat skeleton (Crypt:3)
  2 human skeletons
  An ice beast (Abyss:4)
  4 moth of wrath simulacra (Zot:3)
  3 swamp drakes
  10 hell hounds
  29 orc warriors
  2 sky beasts
  A water nymph skeleton (Crypt:2)
  6 black bears
  2 hornet zombies (Crypt:3)
  11 centaurs
  5 ogres
  15 wolves
  5 boggarts (D:15)
  2 phantoms
  9 kobold brigands
  10 bullfrogs
  A rime drake skeleton (Crypt:3)
  A komodo dragon skeleton (Crypt:3)
  An earth elemental (Abyss:5)
  2 necrophages (Crypt:2)
  3 scorpions
  A gnoll sergeant (D:9)
  7 wights (D:9)
  A troll zombie (D:12)
  A water moccasin skeleton (Crypt:2)
  7 killer bees (D:7)
  A troll skeleton (Crypt:1)
  An electric eel (D:6)
  5 human zombies (Crypt:1)
  5 hounds
  3 quasits
  3 gnoll boudas
  5 jellies
  19 orc priests
  2 sleepcaps (D:7)
  3 iron imps (Abyss:2)
  6 iguanas
  23 orc wizards
  A boggart skeleton (Crypt:3)
  6 ogre zombies
  An ogre skeleton (Crypt:3)
  A hound skeleton (Crypt:3)
  31 mummies
  6 gnolls
  9 adders
  5 river rats
  3 white imps
  An ufetubus (Abyss:2)
  A lava snake zombie (Crypt:1)
  A worm (D:5)
  3 dart slugs
  78 orcs
  4 endoplasms
  7 giant cockroaches
  7 goblins
  6 hobgoblins
  5 jackals
  3 quokkas
  8 ball pythons
  8 bats
  6 frilled lizards
  A giant cockroach zombie (Crypt:2)
  A goblin zombie (Crypt:1)
  A hobgoblin skeleton (D:12)
  2 hobgoblin zombies (D:12)
  41 kobolds
  An orc skeleton (D:12)
  15 orc zombies (D:12)
  24 rats
  A butterfly (D:9)
  3 lurking horrors
  23 starspawn tentacles
  7 tentacles
2913 creatures vanquished.

Vanquished Creatures (collateral kills)
  A dread lich (Abyss:2)
  13 royal mummies
  A tentacled monstrosity (Abyss:4)
  A hellephant (Abyss:5)
  2 titans (Tomb:2)
  A lich (Abyss:2)
  An Executioner (Abyss:2)
  A tentacled starspawn (Abyss:4)
  An ancient champion (Tomb:2)
  A shadow dragon (Abyss:2)
  A daeva (Abyss:5)
  A deep elf elementalist (Abyss:4)
  A very ugly thing (Abyss:2)
  A stone giant (Tomb:2)
  5 bennus
  6 mummy priests
  An eidolon (Abyss:5)
  A naga warrior (Abyss:2)
  10 death scarabs
  2 thrashing horrors
  A deep elf knight (Tomb:1)
  2 skeletal warriors
  2 sixfirhies
  A wretched star (Abyss:5)
  A flayed ghost (Abyss:4)
  A shadow dragon zombie (Tomb:1)
  An orc sorcerer (Abyss:4)
  10 large abominations
  2 worldbinders (Abyss:4)
  An iron dragon skeleton (Tomb:3)
  An apocalypse crab (Abyss:2)
  An orange demon (Abyss:4)
  A centaur skeleton (Tomb:3)
  4 smoke demons
  10 guardian mummies
  An ancient zyme (Abyss:5)
  9 raiju
  A shadow (Abyss:2)
  6 ushabtiu (Tomb:3)
  A wraith (Abyss:4)
  4 neqoxecs
  4 small abominations
  2 quasits (Abyss:2)
  13 starcursed masses
  24 mummies
  A lurking horror (Abyss:4)
  A starspawn tentacle (Abyss:5)
158 creatures vanquished.

Vanquished Creatures (others)
  2 sphinxes (Tomb:1)
  A white draconian (Zot:1)
  A fire dragon (Depths:4)
  A sixfirhy (Abyss:4)
  A harpy (Shoals:2)
  A wizard (Abyss:5)
  A large abomination (Abyss:5)
  A snapping turtle (Shoals:2)
  A golden eye (Abyss:4)
  2 neqoxecs
  A small abomination (Abyss:4)
  A bat skeleton (Crypt:2)
  2 lurking horrors (Abyss:4)
  152 spectral weapons
  28 starspawn tentacles
  5 tentacles
201 creatures vanquished.

Grand Total: 3272 creatures vanquished

Notes
Turn   | Place    | Note
-------+----------+-------------------------------------------
     0 | D:1      | qw the Gargoyle Fighter began the quest for the Orb.
     0 | D:1      | Reached XP level 1. HP: 14/14 MP: 1/1
     0 | D:1      | 0 ||| qw: Version: 0.2-a-107-g4668610
     0 | D:1      | 0 ||| qw: Game counter: 1237
     0 | D:1      | 0 ||| qw: Always use a shield: true
     0 | D:1      | 0 ||| qw: God list: Okawaru
     0 | D:1      | 0 ||| qw: Allow faded altars: false
     0 | D:1      | 0 ||| qw: Do Orc after D:15 true
     0 | D:1      | 0 ||| qw: Do second Lair branch before Depths: true
     0 | D:1      | 0 ||| qw: Lair rune preference: random
     0 | D:1      | 0 ||| qw: Plans: Normal, Zot:1-4, Slime:5, God:TSO, Crypt,
                  | Tomb, Abyss, Pan, Hells, Win
     0 | D:1      | 0 ||| PLANNING D:1-11
   166 | D:1      | 166 ||| DROPPING +0 club.
   287 | D:1      | 287 ||| Stepping ~*~*~tactically~*~*~ (hiding).
   438 | D:1      | Reached XP level 2. HP: 19/19 MP: 2/2
   478 | D:1      | Found Eddavarretec's Jewellery Shoppe.
   505 | D:1      | 505 ||| SHOPLISTING +4 ring of protection (396 gold, have
                  | 41).
   505 | D:1      | 505 ||| SHOPLISTING +4 ring of slaying (858 gold, have 41).
   505 | D:1      | 505 ||| SHOPLISTING +5 ring of evasion (396 gold, have 41).
   505 | D:1      | 505 ||| SHOPLISTING amulet of regeneration (330 gold, have
                  | 41).
   505 | D:1      | 505 ||| SHOPLISTING ring of fire (275 gold, have 41).
   505 | D:1      | 505 ||| SHOPLISTING ring of protection from fire (275 gold,
                  | have 41).
   791 | D:1      | Found a faded altar of an unknown god.
   952 | D:1      | 952 ||| UPGRADING to +0 pair of gloves.
   957 | D:1      | 957 ||| UPGRADING to ring of see invisible.
   958 | D:1      | 958 ||| READING 2 scrolls labelled TYTASTR XAZXOI.
   959 | D:1      | 959 ||| READING scroll labelled GAINLO VITY.
   960 | D:1      | 960 ||| READING scroll labelled XEPROA NUCVUMIYPT.
   961 | D:1      | 961 ||| READING 2 scrolls labelled NITUUPNIBB.
   962 | D:1      | 962 ||| DROPPING scroll of amnesia.
   998 | D:2      | Reached skill level 3 in Axes
  1022 | D:2      | 1022 ||| DROPPING +0 whip.
  1032 | D:2      | Reached XP level 3. HP: 23/23 MP: 3/3
  1261 | D:2      | Found a glowing golden altar of the Shining One.
  1309 | D:2      | Reached skill level 1 in Throwing
  1789 | D:2      | Reached XP level 4. HP: 19/28 MP: 4/4
  2083 | D:2      | 2083 ||| UPGRADING to +0 pair of boots.
  2088 | D:2      | 2088 ||| UPGRADING to +0 chain mail.
  2098 | D:2      | 2098 ||| DROPPING +0 scale mail.
  2099 | D:2      | 2099 ||| READING scroll labelled KAGOEKLAQA.
  2117 | D:2      | 2117 ||| READING scroll labelled CURHOTA GUTA.
  2118 | D:2      | 2118 ||| READING 4 scrolls of identify.
  2118 | D:2      | 2118 ||| IDENTIFYING ruby potion
  2119 | D:2      | 2119 ||| READING 3 scrolls of identify.
  2119 | D:2      | 2119 ||| IDENTIFYING bubbling brown potion
  2183 | D:3      | 2183 ||| PLANNING SEWER
  2508 | D:3      | Found a glowing drain.
  2510 | D:3      | 2510 ||| UPGRADING to +1 pair of gloves.
  2520 | D:3      | 2520 ||| DROPPING +0 pair of gloves.
  2521 | D:3      | 2521 ||| READING scroll labelled RUPRIS YTZISCH.
  2536 | Sewer    | Entered a sewer
  2555 | Sewer    | 2555 ||| Stepping ~*~*~tactically~*~*~ (stealth).
  2557 | Sewer    | 2557 ||| Stepping ~*~*~tactically~*~*~ (stealth).
  2558 | Sewer    | 2558 ||| Stepping ~*~*~tactically~*~*~ (stealth).
  2573 | Sewer    | 2573 ||| Stepping ~*~*~tactically~*~*~ (stealth).
  2634 | Sewer    | 2634 ||| Stepping ~*~*~tactically~*~*~ (stealth).
  2636 | Sewer    | 2636 ||| Stepping ~*~*~tactically~*~*~ (stealth).
  2660 | Sewer    | Noticed a kobold brigand
  2675 | Sewer    | Killed a kobold brigand
  2676 | Sewer    | Reached XP level 5. HP: 27/32 MP: 5/5
  2859 | Sewer    | 2859 ||| Stepping ~*~*~tactically~*~*~ (stealth).
  2885 | Sewer    | Reached XP level 6. HP: 38/38 MP: 6/6
  3043 | Sewer    | 3043 ||| READING scroll labelled FAIGHO XONG.
  3044 | Sewer    | 3044 ||| READING scroll labelled XOSOUSA SILO.
  3045 | Sewer    | 3045 ||| READING scroll labelled HOVUESYITE.
  3046 | Sewer    | 3046 ||| DRINKING 3 fuming yellow potions.
  3047 | Sewer    | 3047 ||| READING 2 scrolls of identify.
  3047 | Sewer    | 3047 ||| IDENTIFYING fuming silvery potion
  3073 | D:3      | 3073 ||| PLANNING D:1-11
  3222 | D:3      | 3222 ||| Stepping ~*~*~tactically~*~*~ (hiding).
  3343 | D:3      | 3343 ||| Stepping ~*~*~tactically~*~*~ (stealth).
  3345 | D:3      | 3345 ||| Stepping ~*~*~tactically~*~*~ (hiding).
  3482 | D:3      | 3482 ||| DROPPING +2 mace of holy wrath.
  3488 | D:3      | Found a burning altar of Makhleb.
  3660 | D:3      | 3660 ||| READING 2 scrolls of identify.
  3660 | D:3      | 3660 ||| IDENTIFYING sapphire potion
  3661 | D:3      | 3661 ||| DROPPING potion of degeneration.
  3820 | D:4      | Found a stormy altar of Qazlal.
  3900 | D:4      | 3900 ||| Stepping ~*~*~tactically~*~*~ (hiding).
  3901 | D:4      | 3901 ||| Stepping ~*~*~tactically~*~*~ (hiding).
  3902 | D:4      | Found a hide-covered altar of Uskayaw.
  4038 | D:4      | Noticed Menkaure
  4047 | D:4      | Killed Menkaure
  4048 | D:4      | Reached skill level 6 in Axes
  4048 | D:4      | Reached XP level 7. HP: 27/43 MP: 7/7
  4208 | D:4      | 4208 ||| READING scroll labelled PEBUOCV XATUPS.
  4209 | D:4      | 4209 ||| DRINKING 3 black potions.
  4222 | D:5      | Entered Level 5 of the Dungeon
  4223 | D:5      | 4223 ||| PLANNING OSSUARY
  4256 | D:5      | Reached skill level 1 in Dodging
  4281 | D:5      | Found a staircase to the Ecumenical Temple.
  4509 | D:5      | 4509 ||| READING scroll of enchant weapon.
  4509 | D:5      | 4509 ||| ENCHANTING +1 war axe.
  4654 | D:5      | Found a white marble altar of Elyvilon.
  4872 | D:5      | 4872 ||| RIP OSSUARY
  4885 | D:5      | 4885 ||| PLANNING TEMPLE
  4907 | D:5      | 4907 ||| DROPPING +6 ring of intelligence.
  4908 | D:5      | 4908 ||| DRINKING 2 viscous silvery potions.
  4909 | D:5      | 4909 ||| DROPPING potion of flight.
  4982 | Temple   | Entered the Ecumenical Temple
  5056 | Temple   | 5056 ||| PLANNING OKAWARU WORSHIP
  5372 | Temple   | Became a worshipper of Warmaster Okawaru
  5372 | Temple   | 5372 ||| PLANNING D:1-11
  5771 | D:6      | 5771 ||| Stepping ~*~*~tactically~*~*~ (stealth).
  5790 | D:6      | Found a runed translucent door.
  5790 | D:6      | Found a shimmering altar of Xom.
  5790 | D:6      | Noticed qw's ghost (novice GrFi)
  5808 | D:6      | Reached XP level 8. HP: 48/49 MP: 8/8
  5811 | D:6      | Noticed a +0 mace of chaos
  5956 | D:6      | Identified the amulet "Ulaontua" {Drain rElec Regen+ Str+6}
  6059 | D:6      | 6059 ||| Stepping ~*~*~tactically~*~*~ (stealth).
  6062 | D:6      | 6062 ||| Stepping ~*~*~tactically~*~*~ (stealth).
  6064 | D:6      | 6064 ||| Stepping ~*~*~tactically~*~*~ (stealth).
  6065 | D:6      | 6065 ||| Stepping ~*~*~tactically~*~*~ (stealth).
  6098 | D:6      | Reached * piety under Okawaru
  6111 | D:6      | 6111 ||| Stepping ~*~*~tactically~*~*~ (stealth).
  6152 | D:6      | Found a bloodstained altar of Trog.
  6155 | D:6      | 6155 ||| INVOKING Heroism.
  6189 | D:6      | Found Camyc Qoo's Armour Shoppe.
  6195 | D:6      | 6195 ||| INVOKING Heroism.
  6217 | D:6      | 6217 ||| SHOPLISTING +0 chain mail of Neybrag {rPois
                  | Will+++ rCorr Int-5} (388 gold, have 328).
  6217 | D:6      | 6217 ||| BUYING +0 helmet (45 gold).
  6217 | D:6      | Bought a +0 helmet for 45 gold pieces
  6217 | D:6      | 6217 ||| BUYING +1 cloak (115 gold).
  6217 | D:6      | Bought a +1 cloak for 115 gold pieces
  6217 | D:6      | 6217 ||| SHOPLISTING +1 ring mail of Feasting {rElec rF++
                  | Int-2 Slay+3} (489 gold, have 168).
  6217 | D:6      | 6217 ||| SHOPLISTING +3 scale mail of willpower (260 gold,
                  | have 168).
  6266 | D:6      | 6266 ||| Stepping ~*~*~tactically~*~*~ (hiding).
  6281 | D:6      | Reached skill level 6 in Fighting
  6366 | D:6      | Reached skill level 1 in Invocations
  6556 | D:6      | Found a shadowy altar of Dithmenos.
  6568 | D:6      | 6568 ||| Stepping ~*~*~tactically~*~*~ (stealth).
  6688 | D:6      | 6688 ||| UPGRADING to +0 helmet.
  6693 | D:6      | 6693 ||| UPGRADING to +1 cloak.
  6698 | D:6      | 6698 ||| UPGRADING to amulet "Ulaontua" {Drain rElec Regen+
                  | Str+6}.
  6703 | D:6      | 6703 ||| READING scroll labelled ROXTUG VUITS.
  6704 | D:6      | 6704 ||| READING scroll labelled YRASMU LYOTELA.
  6704 | D:6      | Identified a scroll of acquirement
  6704 | D:6      | 6704 ||| ACQUIRING +8 crystal plate armour "Otaot" {rN+
                  | Dex+5}
  6704 | D:6      | Acquired the +8 crystal plate armour "Otaot" {rN+ Dex+5}
  6706 | D:6      | 6706 ||| UPGRADING to +8 crystal plate armour "Otaot" {rN+
                  | Dex+5}.
  6716 | D:6      | 6716 ||| DROPPING +0 chain mail.
  6717 | D:6      | 6717 ||| READING scroll labelled NIME WE WEDD.
  6718 | D:6      | 6718 ||| DROPPING +0 flail.
  6734 | D:7      | 6734 ||| INVOKING Heroism.
  6737 | D:7      | Noticed a hornet
  6740 | D:7      | Reached XP level 9. HP: 55/55 MP: 7/10
  6748 | D:7      | Killed a hornet
  6749 | D:7      | Reached skill level 3 in Invocations
  6751 | D:7      | 6751 ||| FLEEEEING.
  6820 | D:7      | 6820 ||| INVOKING Heroism.
  6845 | D:7      | 6845 ||| INVOKING Heroism.
  6853 | D:7      | Reached skill level 6 in Armour
  6853 | D:7      | 6853 ||| Stepping ~*~*~tactically~*~*~ (stealth).
  6863 | D:7      | 6863 ||| Stepping ~*~*~tactically~*~*~ (stealth).
  6875 | D:7      | 6875 ||| Stepping ~*~*~tactically~*~*~ (stealth).
  6876 | D:7      | 6876 ||| Stepping ~*~*~tactically~*~*~ (stealth).
  6909 | D:7      | 6909 ||| INVOKING Heroism.
  6945 | D:7      | Found a runed translucent gate.
  6945 | D:7      | Found a runed translucent gate.
  6945 | D:7      | Found a runed translucent gate.
  6946 | D:7      | Noticed qw's ghost (novice GrFi)
  6946 | D:7      | Noticed a spectral unseen horror
  7018 | D:7      | 7018 ||| Stepping ~*~*~tactically~*~*~ (stealth).
  7034 | D:7      | Found Esyev's Jewellery Shoppe.
  7051 | D:7      | 7051 ||| SHOPLISTING +4 ring of protection (432 gold, have
                  | 236).
  7051 | D:7      | 7051 ||| SHOPLISTING +4 ring of slaying (936 gold, have
                  | 236).
  7051 | D:7      | 7051 ||| SHOPLISTING +5 ring of evasion (432 gold, have
                  | 236).
  7051 | D:7      | 7051 ||| SHOPLISTING +6 ring of dexterity (432 gold, have
                  | 236).
  7051 | D:7      | 7051 ||| SHOPLISTING +6 ring of strength (432 gold, have
                  | 236).
  7051 | D:7      | 7051 ||| SHOPLISTING ring of Tunenoc {rF+ rN+ Str+3 Dex+6
                  | Stlth+} (759 gold, have 236).
  7051 | D:7      | 7051 ||| SHOPLISTING ring of Xom's Malicious Joy {rC+ rN++
                  | rCorr EV+5 Str-2} (742 gold, have 236).
  7057 | D:7      | 7057 ||| INVOKING Heroism.
  7169 | D:7      | 7169 ||| Stepping ~*~*~tactically~*~*~ (stealth).
  7200 | D:7      | Reached ** piety under Okawaru
  7222 | D:7      | Reached skill level 9 in Axes
  7309 | D:7      | 7309 ||| UPGRADING to +1 helmet.
  7319 | D:7      | 7319 ||| DROPPING +0 helmet.
  7320 | D:7      | 7320 ||| UPGRADING to ring of resist corrosion.
  7321 | D:7      | 7321 ||| READING scroll labelled FAOPSI KO CAK.
  7354 | D:8      | 7354 ||| INVOKING Heroism.
  7372 | D:8      | 7372 ||| Stepping ~*~*~tactically~*~*~ (hiding).
  7376 | D:8      | 7376 ||| Stepping ~*~*~tactically~*~*~ (hiding).
  7378 | D:8      | 7378 ||| INVOKING Heroism.
  7517 | D:8      | 7517 ||| INVOKING Heroism.
  7642 | D:8      | Reached XP level 10. HP: 50/63 MP: 13/13
  7660 | D:8      | 7660 ||| READING scroll of enchant armour.
  7660 | D:8      | 7660 ||| ENCHANTING +1 pair of gloves.
  7669 | D:8      | Noticed an unseen horror
  7676 | D:8      | Killed an unseen horror
  7784 | D:8      | 7784 ||| INVOKING Heroism.
  7852 | D:8      | Identified the +1 ring mail "Taroe" {rC+ Will++}
  7920 | D:8      | Found a hazy altar of Hepliaklqana.
  7927 | D:8      | Found a sacrificial altar of Ru.
  7998 | D:8      | 7998 ||| Stepping ~*~*~tactically~*~*~ (stealth).
  8000 | D:8      | 8000 ||| Stepping ~*~*~tactically~*~*~ (hiding).
  8002 | D:8      | 8002 ||| Stepping ~*~*~tactically~*~*~ (hiding).
  8018 | D:8      | 8018 ||| Stepping ~*~*~tactically~*~*~ (hiding).
  8019 | D:8      | 8019 ||| Stepping ~*~*~tactically~*~*~ (hiding).
  8028 | D:8      | Reached skill level 9 in Armour
  8132 | D:8      | Found Vaplopsi's Jewellery Emporium.
  8328 | D:8      | 8328 ||| SHOPLISTING +4 ring of protection (432 gold, have
                  | 308).
  8328 | D:8      | 8328 ||| BUYING ring of protection from cold (300 gold).
  8328 | D:8      | Bought a ring of protection from cold for 300 gold pieces
  8328 | D:8      | 8328 ||| UPGRADING to +0 tower shield.
  8338 | D:8      | 8338 ||| DROPPING +0 buckler.
  8339 | D:8      | 8339 ||| DROPPING +0 pair of gloves of hurling.
  8340 | D:8      | 8340 ||| UPGRADING to ring of protection from cold.
  8342 | D:8      | 8342 ||| DRINKING 2 murky red potions.
  8447 | D:8      | 8447 ||| READING 2 scrolls of identify.
  8447 | D:8      | 8447 ||| IDENTIFYING fuming red potion
  8448 | D:8      | 8448 ||| DROPPING potion of berserk rage.
  8662 | D:9      | Reached skill level 6 in Shields
  8825 | D:9      | 8825 ||| Stepping ~*~*~tactically~*~*~ (hiding).
  8826 | D:9      | 8826 ||| Stepping ~*~*~tactically~*~*~ (hiding).
  8827 | D:9      | 8827 ||| Stepping ~*~*~tactically~*~*~ (hiding).
  8828 | D:9      | 8828 ||| Stepping ~*~*~tactically~*~*~ (hiding).
  8829 | D:9      | 8829 ||| Stepping ~*~*~tactically~*~*~ (hiding).
  8830 | D:9      | 8830 ||| Stepping ~*~*~tactically~*~*~ (hiding).
  8840 | D:9      | Reached *** piety under Okawaru
  8880 | D:9      | Found a sparkling altar of Nemelex Xobeh.
  8899 | D:9      | Found a transporter.
  8908 | D:9      | Noticed Tixazyof's ghost (novice GnAr)
  8920 | D:9      | Found a transporter.
  9266 | D:9      | Found a shimmering altar of Xom.
  9270 | D:9      | 9270 ||| READING scroll of enchant armour.
  9270 | D:9      | 9270 ||| ENCHANTING +1 helmet.
  9611 | D:9      | 9611 ||| READING 2 scrolls of identify.
  9611 | D:9      | 9611 ||| IDENTIFYING lumpy black potion
  9612 | D:9      | 9612 ||| DROPPING potion of brilliance.
  9652 | D:10     | Entered Level 10 of the Dungeon
  9844 | D:10     | 9844 ||| INVOKING Heroism.
  9845 | D:10     | 9845 ||| Stepping ~*~*~tactically~*~*~ (stealth).
  9890 | D:10     | 9890 ||| Stepping ~*~*~tactically~*~*~ (stealth).
  9982 | D:10     | 9982 ||| READING scroll of brand weapon.
  9982 | D:10     | 9982 ||| BRANDING +2 war axe of flaming.
  9991 | D:10     | Noticed a kobold demonologist
  9999 | D:10     | Killed a kobold demonologist
 10002 | D:10     | Reached skill level 9 in Shields
 10014 | D:10     | Identified the +1 robe of Complete Protection {Rampage
                  | rPois rF- MP+9}
 10095 | D:10     | 10095 ||| FLEEEEING.
 10096 | D:10     | 10096 ||| FLEEEEING.
 10099 | D:10     | 10099 ||| FLEEEEING.
 10100 | D:10     | 10100 ||| FLEEEEING.
 10104 | D:10     | 10104 ||| Stepping ~*~*~tactically~*~*~ (hiding).
 10107 | D:10     | 10107 ||| INVOKING Heroism.
 10145 | D:10     | 10145 ||| READING scroll of enchant armour.
 10145 | D:10     | 10145 ||| ENCHANTING +0 pair of boots.
 10216 | D:10     | 10216 ||| DROPPING +0 whip.
 10286 | D:10     | 10286 ||| DROPPING scarf of invisibility.
 10287 | D:10     | 10287 ||| DROPPING amulet of magic regeneration.
 10416 | D:11     | Reached XP level 11. HP: 67/67 MP: 14/14
 10439 | D:11     | 10439 ||| INVOKING Heroism.
 10544 | D:11     | 10544 ||| Stepping ~*~*~tactically~*~*~ (stealth).
 10547 | D:11     | 10547 ||| Stepping ~*~*~tactically~*~*~ (stealth).
 10564 | D:11     | 10564 ||| Stepping ~*~*~tactically~*~*~ (hiding).
 10566 | D:11     | 10566 ||| Stepping ~*~*~tactically~*~*~ (hiding).
 10567 | D:11     | 10567 ||| Stepping ~*~*~tactically~*~*~ (hiding).
 10568 | D:11     | 10568 ||| Stepping ~*~*~tactically~*~*~ (hiding).
 10569 | D:11     | 10569 ||| Stepping ~*~*~tactically~*~*~ (hiding).
 10734 | D:11     | 10734 ||| Stepping ~*~*~tactically~*~*~ (stealth).
 10737 | D:11     | 10737 ||| INVOKING Heroism.
 10746 | D:11     | Reached **** piety under Okawaru
 10750 | D:11     | 10750 ||| Stepping ~*~*~tactically~*~*~ (stealth).
 10751 | D:11     | 10751 ||| Stepping ~*~*~tactically~*~*~ (stealth).
 10752 | D:11     | 10752 ||| Stepping ~*~*~tactically~*~*~ (stealth).
 10804 | D:11     | 10804 ||| INVOKING Heroism.
 10821 | D:11     | 10821 ||| DROPPING +0 flail.
 11032 | D:11     | Found a staircase to the Lair.
 11087 | D:11     | 11087 ||| PLANNING LAIR
 11087 | D:11     | 11087 ||| DRINKING 2 yellow potions.
 11088 | D:11     | 11088 ||| READING 3 scrolls of identify.
 11088 | D:11     | 11088 ||| IDENTIFYING cyan potion
 11118 | Lair:1   | Entered Level 1 of the Lair of Beasts
 11198 | Lair:1   | 11198 ||| INVOKING Heroism.
 11212 | Lair:1   | 11212 ||| INVOKING Heroism.
 11224 | Lair:1   | Reached skill level 6 in Invocations
 11303 | Lair:1   | Received a gift from Okawaru
 11349 | Lair:1   | 11349 ||| INVOKING Heroism.
 11378 | Lair:1   | 11378 ||| INVOKING Heroism.
 11434 | Lair:1   | 11434 ||| INVOKING Heroism.
 11452 | Lair:1   | Found a runed translucent gate.
 11452 | Lair:1   | Found a runed translucent gate.
 11452 | Lair:1   | Found a runed translucent gate.
 11453 | Lair:1   | Noticed qw's ghost (journeyman GrFi)
 11454 | Lair:1   | Found the +5 glaive of the Guard {elec, spectral, AC+5}
 11697 | Lair:1   | 11697 ||| INVOKING Heroism.
 11789 | Lair:1   | Reached skill level 12 in Shields
 11892 | Lair:1   | 11892 ||| UPGRADING to +2 cloak.
 11902 | Lair:1   | 11902 ||| DROPPING +1 cloak.
 11903 | Lair:1   | 11903 ||| READING scroll labelled LULATA URPHU.
 11975 | Lair:2   | 11975 ||| INVOKING Heroism.
 12023 | Lair:2   | Noticed Urug
 12024 | Lair:2   | 12024 ||| INVOKING Heroism.
 12035 | Lair:2   | Killed Urug
 12035 | Lair:2   | Reached ***** piety under Okawaru
 12036 | Lair:2   | Reached XP level 12. HP: 50/72 MP: 15/17
 12069 | Lair:2   | 12069 ||| READING scroll of acquirement.
 12069 | Lair:2   | 12069 ||| ACQUIRING +1 pair of gloves "Houwooso" {rCorr
                  | MP+9 Str-2 Int+8}
 12069 | Lair:2   | Acquired the +1 pair of gloves "Houwooso" {rCorr MP+9 Str-2
                  | Int+8}
 12183 | Lair:2   | 12183 ||| INVOKING Heroism.
 12196 | Lair:2   | Received a gift from Okawaru
 12262 | Lair:2   | 12262 ||| READING scroll of acquirement.
 12262 | Lair:2   | 12262 ||| ACQUIRING +2 shield of Resistance {rF++ rC++
                  | Will++}
 12262 | Lair:2   | Acquired the +2 shield of Resistance {rF++ rC++ Will++}
 12262 | Lair:2   | Found the +2 shield of Resistance {rF++ rC++ Will++}
 12264 | Lair:2   | 12264 ||| UPGRADING to +2 shield of Resistance {rF++ rC++
                  | Will++}.
 12331 | Lair:2   | Noticed a boulder beetle
 12338 | Lair:2   | 12338 ||| INVOKING Heroism.
 12346 | Lair:2   | Killed a boulder beetle
 12399 | Lair:2   | 12399 ||| Stepping ~*~*~tactically~*~*~ (stealth).
 12401 | Lair:2   | 12401 ||| Stepping ~*~*~tactically~*~*~ (stealth).
 12411 | Lair:2   | Noticed Maggie
 12413 | Lair:2   | Reached skill level 9 in Invocations
 12421 | Lair:2   | Killed Maggie
 12660 | Lair:2   | 12660 ||| DROPPING ring of flight.
 12676 | Lair:3   | 12676 ||| PLANNING GAUNTLET
 12757 | Lair:3   | 12757 ||| INVOKING Heroism.
 12776 | Lair:3   | Found a staircase to the Shoals.
 12778 | Lair:3   | Noticed a death yak
 12779 | Lair:3   | 12779 ||| INVOKING Finesse.
 12788 | Lair:3   | Killed a death yak
 12790 | Lair:3   | 12790 ||| INVOKING Heroism.
 12895 | Lair:3   | Found a hole to the Spider Nest.
 12945 | Lair:3   | 12945 ||| FLEEEEING.
 13073 | Lair:3   | 13073 ||| RIP GAUNTLET
 13084 | Lair:3   | 13084 ||| PLANNING LAIR
 13084 | Lair:3   | 13084 ||| Stepping ~*~*~tactically~*~*~ (stealth).
 13087 | Lair:3   | 13087 ||| Stepping ~*~*~tactically~*~*~ (stealth).
 13098 | Lair:3   | 13098 ||| Stepping ~*~*~tactically~*~*~ (stealth).
 13130 | Lair:3   | 13130 ||| Stepping ~*~*~tactically~*~*~ (stealth).
 13265 | Lair:3   | 13265 ||| INVOKING Heroism.
 13520 | Lair:3   | 13520 ||| READING scroll labelled KIMOZX NUTUPA.
 13540 | Lair:4   | Noticed a skyshark
 13540 | Lair:4   | Found a runed translucent door.
 13541 | Lair:4   | 13541 ||| INVOKING Heroism.
 13541 | Lair:4   | Noticed a death yak
 13542 | Lair:4   | 13542 ||| INVOKING Finesse.
 13542 | Lair:4   | Noticed a four-headed hydra
 13545 | Lair:4   | Reached skill level 3 in Throwing
 13550 | Lair:4   | Reached XP level 13. HP: 78/78 MP: 13/20
 13555 | Lair:4   | 13555 ||| SWAPPING to +0 morningstar.
 13562 | Lair:4   | Received a gift from Okawaru
 13563 | Lair:4   | 13563 ||| SWAPPING to +2 spectral war axe.
 13569 | Lair:4   | Received a gift from Okawaru
 13588 | Lair:4   | Reached skill level 9 in Fighting
 13609 | Lair:4   | 13609 ||| DROPPING +0 morningstar.
 13663 | Lair:4   | 13663 ||| Stepping ~*~*~tactically~*~*~ (stealth).
 13664 | Lair:4   | 13664 ||| Stepping ~*~*~tactically~*~*~ (stealth).
 13666 | Lair:4   | 13666 ||| INVOKING Heroism.
 13709 | Lair:4   | 13709 ||| READING scroll of enchant weapon.
 13709 | Lair:4   | 13709 ||| ENCHANTING +2 spectral war axe.
 13713 | Lair:4   | 13713 ||| Stepping ~*~*~tactically~*~*~ (hiding).
 13746 | Lair:4   | Found a runed translucent door.
 13748 | Lair:4   | Found a viscous altar of Jiyva.
 13749 | Lair:4   | Noticed an acid blob
 13750 | Lair:4   | Found a staircase to the Slime Pits.
 13750 | Lair:4   | Noticed an acid blob
 13815 | Lair:4   | You fall into a shaft and drop 1 floor!
 13815 | Lair:5   | Entered Level 5 of the Lair of Beasts
 13816 | Lair:5   | 13816 ||| INVOKING Heroism.
 13841 | Lair:5   | 13841 ||| READING 2 scrolls of enchant armour.
 13841 | Lair:5   | 13841 ||| ENCHANTING +1 pair of boots.
 13887 | Lair:5   | 13887 ||| INVOKING Heroism.
 13888 | Lair:5   | 13888 ||| INVOKING Finesse.
 13958 | Lair:5   | 13958 ||| INVOKING Heroism.
 13994 | Lair:5   | 13994 ||| DROPPING +2 cloak.
 14247 | Lair:4   | Noticed qw's ghost (journeyman GrFi)
 14323 | Lair:5   | Found a frozen archway.
 14345 | Lair:5   | 14345 ||| INVOKING Heroism.
 14351 | Lair:5   | Reached skill level 12 in Axes
 14369 | Lair:5   | 14369 ||| INVOKING Finesse.
 14374 | Lair:5   | 14374 ||| INVOKING Heroism.
 14381 | Lair:5   | 14381 ||| Stepping ~*~*~tactically~*~*~ (stealth).
 14432 | Lair:5   | 14432 ||| INVOKING Heroism.
 14437 | Lair:5   | 14437 ||| SWAPPING to +4 vampiric morningstar.
 14446 | Lair:5   | 14446 ||| SWAPPING to +3 spectral war axe.
 14491 | Lair:5   | 14491 ||| INVOKING Heroism.
 14496 | Lair:5   | 14496 ||| Stepping ~*~*~tactically~*~*~ (water).
 14499 | Lair:5   | Received a gift from Okawaru
 14514 | Lair:5   | 14514 ||| Stepping ~*~*~tactically~*~*~ (stealth).
 14517 | Lair:5   | 14517 ||| Stepping ~*~*~tactically~*~*~ (hiding).
 14518 | Lair:5   | 14518 ||| Stepping ~*~*~tactically~*~*~ (hiding).
 14524 | Lair:5   | 14524 ||| INVOKING Heroism.
 14575 | Lair:5   | Noticed a fire dragon
 14576 | Lair:5   | 14576 ||| INVOKING Heroism.
 14584 | Lair:5   | Killed a fire dragon
 14604 | Lair:5   | Identified the ring "Leufong" {Contam rPois rCorr Slay+3}
 14706 | Lair:5   | Reached skill level 12 in Armour
 14778 | Lair:5   | Found a runed translucent door.
 14779 | Lair:5   | Noticed an ice dragon
 14802 | Lair:5   | 14802 ||| INVOKING Heroism.
 14810 | Lair:5   | Gained mutation: Your large and strong wings let you fly.
                  | [Gargoyle growth]
 14810 | Lair:5   | Reached XP level 14. HP: 88/88 MP: 19/21
 14819 | Lair:5   | 14819 ||| Stepping ~*~*~tactically~*~*~ (stealth).
 14829 | Lair:5   | 14829 ||| INVOKING Heroism.
 14879 | Lair:5   | 14879 ||| Stepping ~*~*~tactically~*~*~ (hiding).
 14894 | Lair:5   | 14894 ||| INVOKING Heroism.
 14947 | Lair:5   | 14947 ||| INVOKING Heroism.
 15003 | Lair:5   | 15003 ||| FLEEEEING.
 15049 | Lair:5   | 15049 ||| FLEEEEING.
 15050 | Lair:5   | 15050 ||| FLEEEEING.
 15053 | Lair:5   | 15053 ||| FLEEEEING.
 15054 | Lair:5   | 15054 ||| FLEEEEING.
 15055 | Lair:5   | 15055 ||| FLEEEEING.
 15056 | Lair:5   | 15056 ||| FLEEEEING.
 15057 | Lair:5   | 15057 ||| FLEEEEING.
 15058 | Lair:5   | 15058 ||| FLEEEEING.
 15059 | Lair:5   | 15059 ||| FLEEEEING.
 15060 | Lair:5   | 15060 ||| FLEEEEING.
 15061 | Lair:5   | 15061 ||| FLEEEEING.
 15062 | Lair:5   | 15062 ||| FLEEEEING.
 15063 | Lair:5   | 15063 ||| FLEEEEING.
 15064 | Lair:5   | 15064 ||| FLEEEEING.
 15065 | Lair:5   | 15065 ||| FLEEEEING.
 15066 | Lair:5   | 15066 ||| FLEEEEING.
 15067 | Lair:5   | 15067 ||| FLEEEEING.
 15068 | Lair:5   | 15068 ||| FLEEEEING.
 15069 | Lair:5   | 15069 ||| FLEEEEING.
 15070 | Lair:5   | 15070 ||| FLEEEEING.
 15071 | Lair:5   | 15071 ||| INVOKING Heroism.
 15426 | Lair:5   | 15426 ||| PLANNING D
 15426 | Lair:5   | 15426 ||| DROPPING ring of ice.
 15427 | Lair:5   | 15427 ||| UPGRADING to ring "Leufong" {Contam rPois rCorr
                  | Slay+3}.
 15540 | D:12     | 15540 ||| INVOKING Heroism.
 15543 | D:12     | 15543 ||| SWAPPING to +4 vampiric morningstar.
 15549 | D:12     | Reached skill level 3 in Dodging
 15549 | D:12     | 15549 ||| SWAPPING to +3 spectral war axe.
 15805 | D:12     | 15805 ||| Stepping ~*~*~tactically~*~*~ (hiding).
 16059 | D:12     | 16059 ||| Stepping ~*~*~tactically~*~*~ (stealth).
 16076 | D:12     | 16076 ||| Stepping ~*~*~tactically~*~*~ (stealth).
 16078 | D:12     | 16078 ||| Stepping ~*~*~tactically~*~*~ (stealth).
 16084 | D:12     | 16084 ||| Stepping ~*~*~tactically~*~*~ (stealth).
 16123 | D:12     | 16123 ||| Stepping ~*~*~tactically~*~*~ (stealth).
 16135 | D:12     | Found a staircase to the Orcish Mines.
 16169 | D:12     | 16169 ||| Stepping ~*~*~tactically~*~*~ (stealth).
 16354 | D:12     | Found Ciusefi's Antique Armour Emporium.
 16641 | D:13     | 16641 ||| INVOKING Heroism.
 16642 | D:13     | 16642 ||| INVOKING Finesse.
 16647 | D:13     | 16647 ||| Stepping ~*~*~tactically~*~*~ (stealth).
 16654 | D:13     | 16654 ||| Stepping ~*~*~tactically~*~*~ (hiding).
 16656 | D:13     | 16656 ||| Stepping ~*~*~tactically~*~*~ (hiding).
 16736 | D:13     | Identified the +6 spear of Bloody Death {freeze, MP+9
                  | Str+3}
 16741 | D:13     | 16741 ||| Stepping ~*~*~tactically~*~*~ (stealth).
 16744 | D:13     | 16744 ||| Stepping ~*~*~tactically~*~*~ (hiding).
 16746 | D:13     | 16746 ||| Stepping ~*~*~tactically~*~*~ (hiding).
 16748 | D:13     | 16748 ||| Stepping ~*~*~tactically~*~*~ (hiding).
 16749 | D:13     | 16749 ||| Stepping ~*~*~tactically~*~*~ (hiding).
 16750 | D:13     | 16750 ||| Stepping ~*~*~tactically~*~*~ (hiding).
 16771 | D:13     | Found a gate to the Vaults.
 16772 | D:13     | 16772 ||| Stepping ~*~*~tactically~*~*~ (hiding).
 16773 | D:13     | 16773 ||| Stepping ~*~*~tactically~*~*~ (hiding).
 16774 | D:13     | 16774 ||| INVOKING Heroism.
 16784 | D:13     | 16784 ||| INVOKING Finesse.
 16785 | D:13     | 16785 ||| SWAPPING to +4 vampiric morningstar.
 16796 | D:13     | Received a gift from Okawaru
 16797 | D:13     | 16797 ||| SWAPPING to +3 spectral war axe.
 16899 | D:13     | 16899 ||| INVOKING Heroism.
 16900 | D:13     | 16900 ||| READING 8 scrolls of teleportation.
 16915 | D:13     | 16915 ||| Stepping ~*~*~tactically~*~*~ (stealth).
 16919 | D:13     | 16919 ||| Stepping ~*~*~tactically~*~*~ (stealth).
 17014 | D:13     | 17014 ||| Stepping ~*~*~tactically~*~*~ (stealth).
 17015 | D:13     | 17015 ||| Stepping ~*~*~tactically~*~*~ (stealth).
 17181 | D:13     | 17181 ||| INVOKING Heroism.
 17186 | D:13     | 17186 ||| INVOKING Finesse.
 17245 | D:13     | 17245 ||| INVOKING Heroism.
 17447 | D:14     | 17447 ||| INVOKING Heroism.
 17488 | D:14     | 17488 ||| INVOKING Heroism.
 17512 | D:14     | 17512 ||| DROPPING +4 vampiric morningstar.
 17564 | D:14     | 17564 ||| Stepping ~*~*~tactically~*~*~ (stealth).
 17565 | D:14     | 17565 ||| Stepping ~*~*~tactically~*~*~ (stealth).
 17573 | D:14     | Reached XP level 15. HP: 94/94 MP: 22/22
 17573 | D:14     | 17573 ||| Stepping ~*~*~tactically~*~*~ (stealth).
 17584 | D:14     | Received a gift from Okawaru
 17585 | D:14     | 17585 ||| FLEEEEING.
 17630 | D:14     | Noticed Frances
 17631 | D:14     | 17631 ||| INVOKING Heroism.
 17632 | D:14     | 17632 ||| INVOKING Finesse.
 17643 | D:14     | Killed Frances
 17713 | D:14     | Noticed Agnes
 17714 | D:14     | 17714 ||| INVOKING Heroism.
 17719 | D:14     | Killed Agnes
 17721 | D:14     | 17721 ||| Stepping ~*~*~tactically~*~*~ (hiding).
 17727 | D:14     | 17727 ||| Stepping ~*~*~tactically~*~*~ (hiding).
 17728 | D:14     | 17728 ||| Stepping ~*~*~tactically~*~*~ (hiding).
 17735 | D:14     | Received a gift from Okawaru
 17740 | D:14     | Noticed Snorg
 17741 | D:14     | 17741 ||| Stepping ~*~*~tactically~*~*~ (stealth).
 17807 | D:14     | 17807 ||| INVOKING Heroism.
 17814 | D:14     | Killed Snorg
 17868 | D:14     | Identified the +0 helmet of Ciaffi {rPois rCorr Str+2}
 17875 | D:14     | 17875 ||| Stepping ~*~*~tactically~*~*~ (stealth).
 17877 | D:14     | 17877 ||| Stepping ~*~*~tactically~*~*~ (stealth).
 17878 | D:14     | 17878 ||| Stepping ~*~*~tactically~*~*~ (stealth).
 17881 | D:14     | 17881 ||| Stepping ~*~*~tactically~*~*~ (stealth).
 17889 | D:14     | Reached skill level 15 in Axes
 17894 | D:14     | 17894 ||| INVOKING Heroism.
 17961 | D:14     | Found an opulent altar of Gozag.
 18083 | D:14     | 18083 ||| DROPPING amulet of reflection.
 18114 | D:15     | Entered Level 15 of the Dungeon
 18143 | D:15     | 18143 ||| READING scroll of acquirement.
 18143 | D:15     | 18143 ||| ACQUIRING +4 ring of protection
 18143 | D:15     | Acquired a +4 ring of protection
 18145 | D:15     | 18145 ||| DROPPING ring of see invisible.
 18231 | D:15     | 18231 ||| FLEEEEING.
 18234 | D:15     | 18234 ||| INVOKING Heroism.
 18296 | D:15     | 18296 ||| Stepping ~*~*~tactically~*~*~ (hiding).
 18300 | D:15     | 18300 ||| INVOKING Heroism.
 18321 | D:15     | Found a staircase to the Depths.
 18465 | D:15     | 18465 ||| Stepping ~*~*~tactically~*~*~ (stealth).
 18466 | D:15     | 18466 ||| Stepping ~*~*~tactically~*~*~ (stealth).
 18467 | D:15     | 18467 ||| INVOKING Heroism.
 18468 | D:15     | 18468 ||| Stepping ~*~*~tactically~*~*~ (hiding).
 18730 | D:15     | 18730 ||| PLANNING ORC
 18788 | Orc:1    | Entered Level 1 of the Orcish Mines
 18792 | Orc:1    | 18792 ||| FLEEEEING.
 18793 | Orc:1    | 18793 ||| STAIRDANCE
 18809 | Orc:1    | 18809 ||| INVOKING Heroism.
 18816 | Orc:1    | 18816 ||| Stepping ~*~*~tactically~*~*~ (hiding).
 18851 | Orc:1    | You are sucked into a shaft and drop 1 floor!
 18851 | Orc:2    | Entered Level 2 of the Orcish Mines
 18851 | Orc:2    | Noticed Azrael
 18853 | Orc:2    | Reached skill level 6 in Throwing
 18858 | Orc:2    | Killed Azrael
 18886 | Orc:2    | 18886 ||| Stepping ~*~*~tactically~*~*~ (stealth).
 18893 | Orc:2    | 18893 ||| Stepping ~*~*~tactically~*~*~ (hiding).
 18936 | Orc:1    | 18936 ||| INVOKING Heroism.
 18993 | Orc:1    | Noticed Nergalle
 19002 | Orc:1    | Killed Nergalle
 19032 | Orc:1    | 19032 ||| Stepping ~*~*~tactically~*~*~ (hiding).
 19034 | Orc:1    | 19034 ||| Stepping ~*~*~tactically~*~*~ (hiding).
 19035 | Orc:1    | 19035 ||| Stepping ~*~*~tactically~*~*~ (hiding).
 19036 | Orc:1    | 19036 ||| Stepping ~*~*~tactically~*~*~ (hiding).
 19037 | Orc:1    | 19037 ||| INVOKING Heroism.
 19040 | Orc:1    | 19040 ||| Stepping ~*~*~tactically~*~*~ (hiding).
 19502 | Orc:2    | 19502 ||| Stepping ~*~*~tactically~*~*~ (stealth).
 19503 | Orc:2    | 19503 ||| Stepping ~*~*~tactically~*~*~ (stealth).
 19514 | Orc:2    | Found a staircase to the Elven Halls.
 19524 | Orc:2    | 19524 ||| INVOKING Heroism.
 19541 | Orc:2    | Found Nurest's Weapon Emporium.
 19576 | Orc:2    | 19576 ||| Stepping ~*~*~tactically~*~*~ (hiding).
 19577 | Orc:2    | 19577 ||| Stepping ~*~*~tactically~*~*~ (hiding).
 19581 | Orc:2    | 19581 ||| Stepping ~*~*~tactically~*~*~ (hiding).
 19583 | Orc:2    | 19583 ||| INVOKING Heroism.
 19785 | Orc:2    | Found Ytaox's Weapon Shop.
 19898 | Orc:2    | 19898 ||| INVOKING Heroism.
 19902 | Orc:2    | Noticed an orc warlord
 19916 | Orc:2    | Killed an orc warlord
 19920 | Orc:2    | HP: 19/96 [orc priest/divine providence (10)]
 19921 | Orc:2    | 19921 ||| READING 7 scrolls of teleportation.
 19922 | Orc:2    | 19922 ||| DRINKING 9 potions of heal wounds.
 20002 | Orc:2    | Found Lodikh's Antique Weapon Boutique.
 20007 | Orc:2    | Found Ommi's Antique Armour Shop.
 20200 | Orc:2    | 20200 ||| PLANNING SPIDER:1-3
 20343 | Spider:1 | Entered Level 1 of the Spider Nest
 20343 | Spider:1 | Noticed Donald
 20344 | Spider:1 | 20344 ||| INVOKING Heroism.
 20353 | Spider:1 | Killed Donald
 20354 | Spider:1 | Reached skill level 12 in Fighting
 20477 | Spider:1 | 20477 ||| Stepping ~*~*~tactically~*~*~ (stealth).
 20579 | Spider:1 | 20579 ||| INVOKING Heroism.
 20601 | Spider:1 | Noticed a ghost moth
 20604 | Spider:1 | Killed a ghost moth
 20686 | Spider:1 | 20686 ||| INVOKING Finesse.
 20689 | Spider:1 | 20689 ||| INVOKING Heroism.
 20965 | Spider:1 | Noticed an emperor scorpion
 20966 | Spider:1 | 20966 ||| INVOKING Heroism.
 20972 | Spider:1 | Killed an emperor scorpion
 20973 | Spider:1 | Reached XP level 16. HP: 101/101 MP: 21/23
 20976 | Spider:1 | Received a gift from Okawaru
 21700 | Spider:2 | 21700 ||| INVOKING Heroism.
 21702 | Spider:2 | 21702 ||| INVOKING Finesse.
 21775 | Spider:2 | 21775 ||| INVOKING Finesse.
 21779 | Spider:2 | 21779 ||| INVOKING Heroism.
 21905 | Spider:2 | 21905 ||| INVOKING Heroism.
 21926 | Spider:2 | Received a gift from Okawaru
 21945 | Spider:2 | 21945 ||| INVOKING Heroism.
 21981 | Spider:2 | 21981 ||| Stepping ~*~*~tactically~*~*~ (stealth).
 21984 | Spider:2 | 21984 ||| Stepping ~*~*~tactically~*~*~ (stealth).
 21986 | Spider:2 | 21986 ||| Stepping ~*~*~tactically~*~*~ (stealth).
 21995 | Spider:2 | Reached skill level 15 in Armour
 22084 | Spider:2 | 22084 ||| READING scroll of enchant weapon.
 22084 | Spider:2 | 22084 ||| ENCHANTING +3 spectral war axe.
 22330 | Spider:2 | 22330 ||| DROPPING ring of fire.
 22338 | Spider:3 | 22338 ||| INVOKING Heroism.
 22412 | Spider:3 | Identified the +2 gold dragon scales "Xikhog" {rPois rF+
                  | rC+ Int+2} (Okawaru gifted it to you on level 3 of the
                  | Spider Nest)
 22412 | Spider:3 | Received a gift from Okawaru
 22503 | Spider:3 | 22503 ||| INVOKING Finesse.
 23022 | Spider:3 | 23022 ||| Stepping ~*~*~tactically~*~*~ (stealth).
 23054 | Spider:3 | 23054 ||| Stepping ~*~*~tactically~*~*~ (hiding).
 23055 | Spider:3 | 23055 ||| Stepping ~*~*~tactically~*~*~ (hiding).
 23085 | Spider:3 | 23085 ||| Stepping ~*~*~tactically~*~*~ (stealth).
 23092 | Spider:3 | 23092 ||| Stepping ~*~*~tactically~*~*~ (stealth).
 23196 | Spider:3 | 23196 ||| Stepping ~*~*~tactically~*~*~ (stealth).
 23247 | Spider:3 | 23247 ||| INVOKING Heroism.
 23302 | Spider:3 | 23302 ||| Stepping ~*~*~tactically~*~*~ (stealth).
 23310 | Spider:3 | Noticed Bai Suzhen
 23311 | Spider:3 | 23311 ||| INVOKING Heroism.
 23312 | Spider:3 | 23312 ||| INVOKING Finesse.
 23325 | Spider:3 | Killed Bai Suzhen
 23417 | Spider:3 | 23417 ||| Stepping ~*~*~tactically~*~*~ (hiding).
 23439 | Spider:3 | 23439 ||| PLANNING SHOALS:1-3
 23586 | Shoals:1 | Entered Level 1 of the Shoals
 23586 | Shoals:1 | Found Zergheung's Magic Scroll Shop.
 23597 | Shoals:1 | 23597 ||| INVOKING Heroism.
 23637 | Shoals:1 | 23637 ||| BUYING scroll of enchant armour (135 gold).
 23637 | Shoals:1 | Bought a scroll of enchant armour for 135 gold pieces
 23637 | Shoals:1 | 23637 ||| BUYING scroll of enchant weapon (135 gold).
 23637 | Shoals:1 | Bought a scroll of enchant weapon for 135 gold pieces
 23637 | Shoals:1 | 23637 ||| BUYING scroll of teleportation (54 gold).
 23637 | Shoals:1 | Bought a scroll of teleportation for 54 gold pieces
 23637 | Shoals:1 | 23637 ||| BUYING scroll of teleportation (54 gold).
 23637 | Shoals:1 | Bought a scroll of teleportation for 54 gold pieces
 23637 | Shoals:1 | 23637 ||| READING scroll of enchant weapon.
 23637 | Shoals:1 | 23637 ||| ENCHANTING +4 spectral war axe.
 23760 | Shoals:1 | Noticed a kraken
 23767 | Shoals:1 | Killed a kraken
 23932 | Shoals:1 | 23932 ||| Stepping ~*~*~tactically~*~*~ (hiding).
 23962 | Shoals:1 | Reached XP level 17. HP: 108/108 MP: 24/24
 24091 | Shoals:1 | 24091 ||| Stepping ~*~*~tactically~*~*~ (hiding).
 24093 | Shoals:1 | 24093 ||| INVOKING Heroism.
 24382 | Shoals:2 | 24382 ||| INVOKING Heroism.
 24390 | Shoals:2 | Received a gift from Okawaru
 24519 | Shoals:2 | Noticed a kraken
 24523 | Shoals:2 | 24523 ||| INVOKING Heroism.
 24525 | Shoals:2 | Killed a kraken
 24568 | Shoals:2 | 24568 ||| INVOKING Heroism.
 24605 | Shoals:2 | Noticed Nikola
 24610 | Shoals:2 | 24610 ||| Stepping ~*~*~tactically~*~*~ (hiding).
 24611 | Shoals:2 | 24611 ||| Stepping ~*~*~tactically~*~*~ (stealth).
 24616 | Shoals:2 | HP: 23/111 [Nikola/arc of chain lightning (52)]
 24617 | Shoals:2 | 24617 ||| READING 11 scrolls of teleportation.
 24618 | Shoals:2 | 24618 ||| FLEEEEING.
 24619 | Shoals:2 | 24619 ||| FLEEEEING.
 24620 | Shoals:2 | 24620 ||| DRINKING 9 potions of heal wounds.
 24622 | Shoals:2 | 24622 ||| INVOKING Heroism.
 24693 | Shoals:2 | 24693 ||| INVOKING Heroism.
 24948 | Shoals:2 | 24948 ||| INVOKING Heroism.
 24965 | Shoals:2 | Killed Nikola
 24970 | Shoals:2 | Received a gift from Okawaru
 24973 | Shoals:2 | 24973 ||| Stepping ~*~*~tactically~*~*~ (stealth).
 24978 | Shoals:2 | 24978 ||| Stepping ~*~*~tactically~*~*~ (stealth).
 25150 | Shoals:2 | 25150 ||| DROPPING +1 hat.
 25216 | Shoals:3 | 25216 ||| Stepping ~*~*~tactically~*~*~ (stealth).
 25219 | Shoals:3 | 25219 ||| INVOKING Heroism.
 25313 | Shoals:3 | 25313 ||| INVOKING Heroism.
 25446 | Shoals:3 | 25446 ||| Stepping ~*~*~tactically~*~*~ (hiding).
 25447 | Shoals:3 | 25447 ||| Stepping ~*~*~tactically~*~*~ (hiding).
 25602 | Shoals:3 | Received a gift from Okawaru
 26036 | Shoals:3 | 26036 ||| PLANNING SPIDER:4
 26235 | Spider:4 | Entered Level 4 of the Spider Nest
 26347 | Spider:4 | 26347 ||| Stepping ~*~*~tactically~*~*~ (hiding).
 26381 | Spider:4 | 26381 ||| INVOKING Heroism.
 26549 | Spider:4 | 26549 ||| Stepping ~*~*~tactically~*~*~ (stealth).
 26552 | Spider:4 | 26552 ||| Stepping ~*~*~tactically~*~*~ (hiding).
 26554 | Spider:4 | 26554 ||| Stepping ~*~*~tactically~*~*~ (stealth).
 26685 | Spider:4 | 26685 ||| INVOKING Heroism.
 26697 | Spider:4 | 26697 ||| Stepping ~*~*~tactically~*~*~ (stealth).
 26817 | Spider:4 | 26817 ||| Stepping ~*~*~tactically~*~*~ (stealth).
 26818 | Spider:4 | 26818 ||| INVOKING Heroism.
 26844 | Spider:4 | 26844 ||| Stepping ~*~*~tactically~*~*~ (stealth).
 26848 | Spider:4 | 26848 ||| Stepping ~*~*~tactically~*~*~ (stealth).
 26852 | Spider:4 | 26852 ||| Stepping ~*~*~tactically~*~*~ (stealth).
 26884 | Spider:4 | 26884 ||| INVOKING Heroism.
 26978 | Spider:4 | Received a gift from Okawaru
 27109 | Spider:4 | 27109 ||| INVOKING Heroism.
 27282 | Spider:4 | Got a gossamer rune of Zot
 27422 | Spider:4 | 27422 ||| PLANNING VAULTS:1-4
 27422 | Spider:4 | 27422 ||| DROPPING scarf of harm.
 27627 | Vaults:1 | Entered Level 1 of the Vaults
 27634 | Vaults:1 | 27634 ||| Stepping ~*~*~tactically~*~*~ (hiding).
 27752 | Vaults:1 | Reached XP level 18. HP: 116/116 MP: 25/25
 27752 | Vaults:1 | 27752 ||| Stepping ~*~*~tactically~*~*~ (stealth).
 27753 | Vaults:1 | 27753 ||| Stepping ~*~*~tactically~*~*~ (stealth).
 27754 | Vaults:1 | Received a gift from Okawaru
 27771 | Vaults:1 | Reached skill level 18 in Armour
 27777 | Vaults:1 | 27777 ||| DROPPING +0 hand axe of flaming.
 27791 | Vaults:1 | 27791 ||| Stepping ~*~*~tactically~*~*~ (hiding).
 27954 | Vaults:1 | 27954 ||| Stepping ~*~*~tactically~*~*~ (hiding).
 28006 | Vaults:1 | Received a gift from Okawaru
 28153 | Vaults:1 | Reached skill level 15 in Fighting
 28288 | Vaults:1 | 28288 ||| Stepping ~*~*~tactically~*~*~ (stealth).
 28496 | Vaults:1 | 28496 ||| Stepping ~*~*~tactically~*~*~ (stealth).
 28502 | Vaults:1 | 28502 ||| Stepping ~*~*~tactically~*~*~ (stealth).
 28505 | Vaults:1 | 28505 ||| Stepping ~*~*~tactically~*~*~ (hiding).
 28534 | Vaults:1 | 28534 ||| Stepping ~*~*~tactically~*~*~ (stealth).
 28583 | Vaults:1 | 28583 ||| Stepping ~*~*~tactically~*~*~ (hiding).
 28810 | Vaults:1 | 28810 ||| Stepping ~*~*~tactically~*~*~ (stealth).
 28815 | Vaults:1 | 28815 ||| Stepping ~*~*~tactically~*~*~ (stealth).
 28816 | Vaults:1 | 28816 ||| Stepping ~*~*~tactically~*~*~ (stealth).
 28832 | Vaults:1 | 28832 ||| Stepping ~*~*~tactically~*~*~ (hiding).
 28900 | Vaults:1 | 28900 ||| Stepping ~*~*~tactically~*~*~ (stealth).
 28930 | Vaults:1 | 28930 ||| Stepping ~*~*~tactically~*~*~ (stealth).
 28959 | Vaults:1 | 28959 ||| Stepping ~*~*~tactically~*~*~ (hiding).
 28960 | Vaults:1 | 28960 ||| Stepping ~*~*~tactically~*~*~ (hiding).
 29117 | Vaults:1 | 29117 ||| Stepping ~*~*~tactically~*~*~ (stealth).
 29118 | Vaults:1 | 29118 ||| Stepping ~*~*~tactically~*~*~ (stealth).
 29272 | Vaults:2 | Received a gift from Okawaru
 29279 | Vaults:2 | Reached skill level 9 in Throwing
 29336 | Vaults:2 | Reached skill level 15 in Shields
 29474 | Vaults:2 | 29474 ||| Stepping ~*~*~tactically~*~*~ (hiding).
 29588 | Vaults:2 | 29588 ||| INVOKING Heroism.
 29681 | Vaults:2 | 29681 ||| Stepping ~*~*~tactically~*~*~ (hiding).
 29682 | Vaults:2 | 29682 ||| Stepping ~*~*~tactically~*~*~ (hiding).
 29683 | Vaults:2 | 29683 ||| Stepping ~*~*~tactically~*~*~ (hiding).
 29836 | Vaults:2 | 29836 ||| READING 2 scrolls of enchant weapon.
 29836 | Vaults:2 | 29836 ||| ENCHANTING +5 spectral war axe.
 29837 | Vaults:2 | 29837 ||| READING scroll of enchant weapon.
 29837 | Vaults:2 | 29837 ||| ENCHANTING +6 spectral war axe.
 29906 | Vaults:2 | 29906 ||| INVOKING Heroism.
 30088 | Vaults:2 | 30088 ||| Stepping ~*~*~tactically~*~*~ (hiding).
 30089 | Vaults:2 | 30089 ||| Stepping ~*~*~tactically~*~*~ (hiding).
 30090 | Vaults:2 | 30090 ||| Stepping ~*~*~tactically~*~*~ (hiding).
 30091 | Vaults:2 | 30091 ||| Stepping ~*~*~tactically~*~*~ (hiding).
 30532 | Vaults:2 | Reached XP level 19. HP: 118/125 MP: 26/26
 30622 | Vaults:3 | 30622 ||| Stepping ~*~*~tactically~*~*~ (hiding).
 30624 | Vaults:3 | 30624 ||| Stepping ~*~*~tactically~*~*~ (hiding).
 30637 | Vaults:3 | Received a gift from Okawaru
 30650 | Vaults:3 | 30650 ||| INVOKING Heroism.
 30705 | Vaults:3 | 30705 ||| Stepping ~*~*~tactically~*~*~ (hiding).
 30707 | Vaults:3 | 30707 ||| Stepping ~*~*~tactically~*~*~ (hiding).
 30711 | Vaults:3 | Reached skill level 6 in Dodging
 30851 | Vaults:3 | 30851 ||| INVOKING Heroism.
 30857 | Vaults:3 | 30857 ||| Stepping ~*~*~tactically~*~*~ (hiding).
 30858 | Vaults:3 | 30858 ||| Stepping ~*~*~tactically~*~*~ (hiding).
 30861 | Vaults:3 | 30861 ||| Stepping ~*~*~tactically~*~*~ (hiding).
 31162 | Vaults:3 | 31162 ||| Stepping ~*~*~tactically~*~*~ (hiding).
 31180 | Vaults:3 | Received a gift from Okawaru
 31189 | Vaults:3 | 31189 ||| Stepping ~*~*~tactically~*~*~ (hiding).
 31384 | Vaults:3 | Found Siagaof's Antique Weapon Boutique.
 31672 | Vaults:3 | 31672 ||| Stepping ~*~*~tactically~*~*~ (hiding).
 31673 | Vaults:3 | 31673 ||| Stepping ~*~*~tactically~*~*~ (hiding).
 31675 | Vaults:3 | 31675 ||| Stepping ~*~*~tactically~*~*~ (hiding).
 31687 | Vaults:3 | 31687 ||| Stepping ~*~*~tactically~*~*~ (hiding).
 31692 | Vaults:3 | Received a gift from Okawaru
 31699 | Vaults:3 | 31699 ||| Stepping ~*~*~tactically~*~*~ (hiding).
 31775 | Vaults:3 | 31775 ||| Stepping ~*~*~tactically~*~*~ (hiding).
 31900 | Vaults:3 | 31900 ||| Stepping ~*~*~tactically~*~*~ (hiding).
 31919 | Vaults:3 | Found a staircase to the Crypt.
 31989 | Vaults:3 | Identified the +1 scale mail of Imperfection {Will- rCorr
                  | Int+2}
 32014 | Vaults:3 | 32014 ||| Stepping ~*~*~tactically~*~*~ (hiding).
 32015 | Vaults:3 | 32015 ||| Stepping ~*~*~tactically~*~*~ (hiding).
 32135 | Vaults:3 | 32135 ||| Stepping ~*~*~tactically~*~*~ (stealth).
 32137 | Vaults:3 | 32137 ||| Stepping ~*~*~tactically~*~*~ (stealth).
 32268 | Vaults:4 | 32268 ||| Stepping ~*~*~tactically~*~*~ (hiding).
 32272 | Vaults:4 | 32272 ||| Stepping ~*~*~tactically~*~*~ (hiding).
 32320 | Vaults:4 | 32320 ||| Stepping ~*~*~tactically~*~*~ (hiding).
 32324 | Vaults:4 | 32324 ||| INVOKING Heroism.
 32334 | Vaults:4 | 32334 ||| Stepping ~*~*~tactically~*~*~ (hiding).
 32397 | Vaults:4 | 32397 ||| FLEEEEING.
 32398 | Vaults:4 | 32398 ||| FLEEEEING.
 32399 | Vaults:4 | 32399 ||| FLEEEEING.
 32404 | Vaults:4 | 32404 ||| FLEEEEING.
 32405 | Vaults:4 | 32405 ||| FLEEEEING.
 32513 | Vaults:4 | 32513 ||| Stepping ~*~*~tactically~*~*~ (stealth).
 32522 | Vaults:4 | Reached ****** piety under Okawaru
 32697 | Vaults:4 | 32697 ||| Stepping ~*~*~tactically~*~*~ (hiding).
 32698 | Vaults:4 | 32698 ||| Stepping ~*~*~tactically~*~*~ (hiding).
 32699 | Vaults:4 | 32699 ||| Stepping ~*~*~tactically~*~*~ (hiding).
 32708 | Vaults:4 | 32708 ||| Stepping ~*~*~tactically~*~*~ (hiding).
 32715 | Vaults:4 | Received a gift from Okawaru
 32806 | Vaults:4 | 32806 ||| INVOKING Heroism.
 32807 | Vaults:4 | 32807 ||| INVOKING Finesse.
 32853 | Vaults:4 | 32853 ||| Stepping ~*~*~tactically~*~*~ (stealth).
 32876 | Vaults:4 | 32876 ||| Stepping ~*~*~tactically~*~*~ (hiding).
 32895 | Vaults:4 | 32895 ||| READING scroll of enchant weapon.
 32895 | Vaults:4 | 32895 ||| ENCHANTING +7 spectral war axe.
 33255 | Vaults:4 | 33255 ||| Stepping ~*~*~tactically~*~*~ (hiding).
 33256 | Vaults:4 | 33256 ||| Stepping ~*~*~tactically~*~*~ (hiding).
 33257 | Vaults:4 | 33257 ||| Stepping ~*~*~tactically~*~*~ (hiding).
 33368 | Vaults:4 | 33368 ||| PLANNING SHOALS:4
 33368 | Vaults:4 | 33368 ||| DROPPING amulet of guardian spirit.
 33646 | Shoals:4 | Entered Level 4 of the Shoals
 33646 | Shoals:4 | Found Ikumymepo's Armour Emporium.
 33647 | Shoals:4 | 33647 ||| INVOKING Heroism.
 33648 | Shoals:4 | 33648 ||| INVOKING Finesse.
 33778 | Shoals:4 | 33778 ||| Stepping ~*~*~tactically~*~*~ (hiding).
 33780 | Shoals:4 | 33780 ||| INVOKING Heroism.
 33789 | Shoals:4 | Identified the +8 hand axe "Imnuaq" {antimagic, Contam
                  | Drain rF+ Int+7} (Okawaru gifted it to you on level 4 of
                  | the Shoals)
 33789 | Shoals:4 | Received a gift from Okawaru
 33795 | Shoals:4 | 33795 ||| Stepping ~*~*~tactically~*~*~ (stealth).
 33796 | Shoals:4 | 33796 ||| Stepping ~*~*~tactically~*~*~ (stealth).
 33818 | Shoals:4 | 33818 ||| Stepping ~*~*~tactically~*~*~ (hiding).
 33825 | Shoals:4 | Reached XP level 20. HP: 113/134 MP: 27/27
 33923 | Shoals:4 | 33923 ||| Stepping ~*~*~tactically~*~*~ (hiding).
 34048 | Shoals:4 | 34048 ||| Stepping ~*~*~tactically~*~*~ (stealth).
 34050 | Shoals:4 | 34050 ||| Stepping ~*~*~tactically~*~*~ (stealth).
 34052 | Shoals:4 | 34052 ||| Stepping ~*~*~tactically~*~*~ (stealth).
 34054 | Shoals:4 | 34054 ||| Stepping ~*~*~tactically~*~*~ (stealth).
 34060 | Shoals:4 | 34060 ||| Stepping ~*~*~tactically~*~*~ (hiding).
 34214 | Shoals:4 | Reached skill level 18 in Fighting
 34270 | Shoals:4 | 34270 ||| INVOKING Heroism.
 34271 | Shoals:4 | 34271 ||| INVOKING Finesse.
 34352 | Shoals:4 | 34352 ||| Stepping ~*~*~tactically~*~*~ (hiding).
 34353 | Shoals:4 | 34353 ||| Stepping ~*~*~tactically~*~*~ (hiding).
 34354 | Shoals:4 | 34354 ||| Stepping ~*~*~tactically~*~*~ (hiding).
 34357 | Shoals:4 | 34357 ||| INVOKING Heroism.
 34358 | Shoals:4 | 34358 ||| INVOKING Finesse.
 34361 | Shoals:4 | 34361 ||| Stepping ~*~*~tactically~*~*~ (hiding).
 34389 | Shoals:4 | Identified the +10 plate armour of the Harvest Moon {rElec
                  | rPois rF++ Str-3} (Okawaru gifted it to you on level 4 of
                  | the Shoals)
 34389 | Shoals:4 | Received a gift from Okawaru
 34396 | Shoals:4 | 34396 ||| Stepping ~*~*~tactically~*~*~ (hiding).
 34432 | Shoals:4 | Got a barnacled rune of Zot
 34779 | Shoals:4 | 34779 ||| Stepping ~*~*~tactically~*~*~ (stealth).
 34785 | Shoals:4 | 34785 ||| Stepping ~*~*~tactically~*~*~ (hiding).
 34802 | Shoals:4 | 34802 ||| PLANNING DEPTHS
 34802 | Shoals:4 | 34802 ||| DROPPING scarf of harm.
 35019 | Depths:1 | Entered Level 1 of the Depths
 35020 | Depths:1 | 35020 ||| Stepping ~*~*~tactically~*~*~ (hiding).
 35021 | Depths:1 | 35021 ||| Stepping ~*~*~tactically~*~*~ (hiding).
 35048 | Depths:1 | 35048 ||| Stepping ~*~*~tactically~*~*~ (hiding).
 35095 | Depths:1 | 35095 ||| FLEEEEING.
 35096 | Depths:1 | 35096 ||| FLEEEEING.
 35097 | Depths:1 | 35097 ||| Stepping ~*~*~tactically~*~*~ (hiding).
 35120 | Depths:1 | 35120 ||| Stepping ~*~*~tactically~*~*~ (hiding).
 35121 | Depths:1 | 35121 ||| Stepping ~*~*~tactically~*~*~ (hiding).
 35167 | Depths:1 | 35167 ||| Stepping ~*~*~tactically~*~*~ (stealth).
 35168 | Depths:1 | 35168 ||| Stepping ~*~*~tactically~*~*~ (stealth).
 35227 | Depths:1 | 35227 ||| INVOKING Heroism.
 35231 | Depths:1 | 35231 ||| Stepping ~*~*~tactically~*~*~ (hiding).
 35232 | Depths:1 | 35232 ||| Stepping ~*~*~tactically~*~*~ (hiding).
 35236 | Depths:1 | Reached skill level 21 in Armour
 35463 | Depths:1 | Found a corrupted altar of Lugonu.
 35463 | Depths:1 | Found a one-way gate to the infinite horrors of the Abyss.
 35626 | Depths:1 | Found a gateway to Hell.
 35784 | Depths:2 | 35784 ||| Stepping ~*~*~tactically~*~*~ (hiding).
 35786 | Depths:2 | 35786 ||| Stepping ~*~*~tactically~*~*~ (hiding).
 35832 | Depths:2 | Found a one-way gate leading to the halls of Pandemonium.
 35858 | Depths:2 | 35858 ||| INVOKING Heroism.
 35944 | Depths:2 | 35944 ||| Stepping ~*~*~tactically~*~*~ (stealth).
 36105 | Depths:2 | 36105 ||| Stepping ~*~*~tactically~*~*~ (hiding).
 36194 | Depths:2 | 36194 ||| Stepping ~*~*~tactically~*~*~ (hiding).
 36287 | Depths:2 | 36287 ||| Stepping ~*~*~tactically~*~*~ (stealth).
 36291 | Depths:2 | 36291 ||| INVOKING Finesse.
 36370 | Depths:2 | 36370 ||| INVOKING Finesse.
 36377 | Depths:2 | 36377 ||| INVOKING Heroism.
 36424 | Depths:2 | 36424 ||| Stepping ~*~*~tactically~*~*~ (stealth).
 36425 | Depths:2 | 36425 ||| Stepping ~*~*~tactically~*~*~ (stealth).
 36429 | Depths:2 | 36429 ||| INVOKING Heroism.
 36430 | Depths:2 | 36430 ||| INVOKING Finesse.
 36482 | Depths:2 | 36482 ||| Stepping ~*~*~tactically~*~*~ (stealth).
 36485 | Depths:2 | 36485 ||| INVOKING Heroism.
 36593 | Depths:2 | 36593 ||| Stepping ~*~*~tactically~*~*~ (stealth).
 36648 | Depths:2 | 36648 ||| Stepping ~*~*~tactically~*~*~ (hiding).
 36650 | Depths:2 | 36650 ||| Stepping ~*~*~tactically~*~*~ (hiding).
 36716 | Depths:2 | 36716 ||| Stepping ~*~*~tactically~*~*~ (stealth).
 36718 | Depths:2 | 36718 ||| Stepping ~*~*~tactically~*~*~ (hiding).
 36839 | Depths:2 | You are sucked into a shaft and drop 2 floors!
 36839 | Depths:4 | Entered Level 4 of the Depths
 36840 | Depths:4 | 36840 ||| INVOKING Heroism.
 36844 | Depths:4 | Received a gift from Okawaru
 36859 | Depths:4 | Reached XP level 21. HP: 53/141 MP: 28/28
 36867 | Depths:4 | HP: 32/141 [balrug/+2 demon whip of flaming (8)]
 36868 | Depths:4 | 36868 ||| READING 14 scrolls of teleportation.
 36869 | Depths:4 | 36869 ||| DRINKING 16 potions of heal wounds.
 36882 | Depths:4 | 36882 ||| Stepping ~*~*~tactically~*~*~ (stealth).
 36892 | Depths:4 | 36892 ||| Stepping ~*~*~tactically~*~*~ (stealth).
 36919 | Depths:4 | 36919 ||| Stepping ~*~*~tactically~*~*~ (stealth).
 36972 | Depths:4 | 36972 ||| INVOKING Heroism.
 36980 | Depths:4 | HP: 16/141 [hell knight/+4 glaive of distortion (20)]
 36981 | Depths:4 | 36981 ||| READING 13 scrolls of teleportation.
 36982 | Depths:4 | 36982 ||| DRINKING 15 potions of heal wounds.
 36983 | Depths:4 | 36983 ||| DRINKING 14 potions of heal wounds.
 37090 | Depths:4 | 37090 ||| Stepping ~*~*~tactically~*~*~ (hiding).
 37100 | Depths:4 | 37100 ||| INVOKING Heroism.
 37103 | Depths:4 | 37103 ||| Stepping ~*~*~tactically~*~*~ (hiding).
 37121 | Depths:4 | HP: 33/142 [black draconian knight/bolt of lightning (7)]
 37122 | Depths:4 | 37122 ||| READING 12 scrolls of teleportation.
 37122 | Depths:4 | HP: 10/142 [black draconian knight/bolt of lightning (11)]
 37122 | Depths:4 | HP: 1/142 [storm dragon (9)]
 37123 | Depths:4 | 37123 ||| DRINKING 13 potions of heal wounds.
 37124 | Depths:4 | 37124 ||| DRINKING 12 potions of heal wounds.
 37141 | Depths:4 | 37141 ||| INVOKING Finesse.
 37165 | Depths:4 | 37165 ||| INVOKING Heroism.
 37173 | Depths:4 | 37173 ||| FLEEEEING.
 37174 | Depths:4 | 37174 ||| FLEEEEING.
 37175 | Depths:4 | 37175 ||| FLEEEEING.
 37176 | Depths:4 | 37176 ||| FLEEEEING.
 37177 | Depths:4 | 37177 ||| FLEEEEING.
 37178 | Depths:4 | 37178 ||| FLEEEEING.
 37220 | Depths:4 | 37220 ||| STAIRDANCE
 37224 | Depths:3 | 37224 ||| INVOKING Heroism.
 37242 | Depths:3 | Received a gift from Okawaru
 37347 | Depths:2 | 37347 ||| Stepping ~*~*~tactically~*~*~ (hiding).
 37643 | Depths:3 | Found Hugh's Assorted Antiques.
 37651 | Depths:3 | 37651 ||| BUYING potion of heal wounds (185 gold).
 37651 | Depths:3 | Bought a potion of heal wounds for 185 gold pieces
 37712 | Depths:3 | 37712 ||| Stepping ~*~*~tactically~*~*~ (stealth).
 37713 | Depths:3 | 37713 ||| Stepping ~*~*~tactically~*~*~ (stealth).
 37764 | Depths:3 | 37764 ||| READING scroll of enchant weapon.
 37764 | Depths:3 | 37764 ||| ENCHANTING +8 spectral war axe.
 38060 | Depths:3 | Found a runed translucent door.
 38199 | Depths:4 | 38199 ||| INVOKING Heroism.
 38200 | Depths:4 | Received a gift from Okawaru
 38209 | Depths:4 | 38209 ||| Stepping ~*~*~tactically~*~*~ (hiding).
 38211 | Depths:4 | 38211 ||| Stepping ~*~*~tactically~*~*~ (hiding).
 38212 | Depths:4 | 38212 ||| Stepping ~*~*~tactically~*~*~ (hiding).
 38229 | Depths:4 | 38229 ||| Stepping ~*~*~tactically~*~*~ (stealth).
 38257 | Depths:4 | 38257 ||| Stepping ~*~*~tactically~*~*~ (stealth).
 38261 | Depths:4 | Noticed a bone dragon
 38264 | Depths:4 | 38264 ||| INVOKING Finesse.
 38268 | Depths:4 | 38268 ||| Stepping ~*~*~tactically~*~*~ (hiding).
 38269 | Depths:4 | 38269 ||| INVOKING Heroism.
 38275 | Depths:4 | Killed a bone dragon
 38280 | Depths:4 | 38280 ||| Stepping ~*~*~tactically~*~*~ (hiding).
 38319 | Depths:4 | Found a gate to the Realm of Zot.
 38398 | Depths:4 | 38398 ||| Stepping ~*~*~tactically~*~*~ (stealth).
 38400 | Depths:4 | 38400 ||| Stepping ~*~*~tactically~*~*~ (stealth).
 38419 | Depths:4 | Found a one-way gateway to a ziggurat.
 38486 | Depths:4 | 38486 ||| Stepping ~*~*~tactically~*~*~ (hiding).
 38487 | Depths:4 | 38487 ||| Stepping ~*~*~tactically~*~*~ (hiding).
 38546 | Depths:4 | Identified the +1 demon whip "Newtslayer" {elec, Dex+2}
 38688 | Depths:4 | Found Ridar's Jewellery Emporium.
 38689 | Depths:4 | Found Tymujea's Book Boutique.
 38691 | Depths:4 | Found Joybb's Jewellery Emporium.
 38697 | Depths:4 | 38697 ||| BUYING +6 ring of strength (720 gold).
 38697 | Depths:4 | Bought a +6 ring of strength for 720 gold pieces
 38697 | Depths:4 | 38697 ||| BUYING amulet of Xom, Nurturing {Acrobat Rampage
                  | rC+ Str+3 Int-4} (838 gold).
 38697 | Depths:4 | Bought the amulet of Xom, Nurturing {Acrobat Rampage rC+
                  | Str+3 Int-4} for 838 gold pieces
 38697 | Depths:4 | 38697 ||| BUYING ring of Leaves {rElec AC+4 Str+3 SInv}
                  | (1210 gold).
 38697 | Depths:4 | Bought the ring of Leaves {rElec AC+4 Str+3 SInv} for 1210
                  | gold pieces
 38701 | Depths:4 | 38701 ||| BUYING amulet of faith (920 gold).
 38701 | Depths:4 | Bought an amulet of faith for 920 gold pieces
 38764 | Depths:4 | 38764 ||| INVOKING Heroism.
 38765 | Depths:4 | 38765 ||| INVOKING Finesse.
 38799 | Depths:4 | 38799 ||| PLANNING VAULTS:5
 38799 | Depths:4 | 38799 ||| UPGRADING to amulet of faith.
 38809 | Depths:4 | 38809 ||| DROPPING +6 ring of strength.
 38810 | Depths:4 | 38810 ||| UPGRADING to ring of Leaves {rElec AC+4 Str+3
                  | SInv}.
 38812 | Depths:4 | 38812 ||| DROPPING ring of see invisible.
 39041 | Vaults:5 | Entered Level 5 of the Vaults
 39046 | Vaults:5 | 39046 ||| STAIRDANCE
 39153 | Vaults:5 | Received a gift from Okawaru
 39154 | Vaults:5 | 39154 ||| INVOKING Heroism.
 39158 | Vaults:5 | Received a gift from Okawaru
 39159 | Vaults:5 | 39159 ||| STAIRDANCE
 39161 | Vaults:4 | HP: 33/140 [iron dragon (8)]
 39162 | Vaults:4 | 39162 ||| READING 11 scrolls of teleportation.
 39163 | Vaults:4 | 39163 ||| DRINKING 12 potions of heal wounds.
 39427 | Vaults:5 | 39427 ||| INVOKING Heroism.
 39429 | Vaults:5 | Reached XP level 22. HP: 68/152 MP: 26/29
 39430 | Vaults:5 | 39430 ||| STAIRDANCE
 39627 | Vaults:5 | 39627 ||| INVOKING Heroism.
 39643 | Vaults:5 | 39643 ||| INVOKING Finesse.
 39653 | Vaults:5 | Paralysed by a floating eye for 2 turns
 39658 | Vaults:5 | 39658 ||| INVOKING Heroism.
 39683 | Vaults:5 | 39683 ||| Stepping ~*~*~tactically~*~*~ (stealth).
 39704 | Vaults:5 | Noticed Xtahua
 39705 | Vaults:5 | 39705 ||| FLEEEEING.
 39706 | Vaults:5 | 39706 ||| FLEEEEING.
 39709 | Vaults:5 | 39709 ||| STAIRDANCE
 39853 | Vaults:5 | Killed Xtahua
 39863 | Vaults:5 | 39863 ||| Stepping ~*~*~tactically~*~*~ (hiding).
 39864 | Vaults:5 | 39864 ||| Stepping ~*~*~tactically~*~*~ (hiding).
 39865 | Vaults:5 | 39865 ||| Stepping ~*~*~tactically~*~*~ (hiding).
 39866 | Vaults:5 | 39866 ||| Stepping ~*~*~tactically~*~*~ (hiding).
 39959 | Vaults:5 | 39959 ||| INVOKING Heroism.
 39961 | Vaults:5 | 39961 ||| Stepping ~*~*~tactically~*~*~ (hiding).
 40012 | Vaults:5 | Identified the ring "Wuvahyow" {Fire Will+++ Str-5 Dex-4
                  | SInv}
 40014 | Vaults:5 | 40014 ||| Stepping ~*~*~tactically~*~*~ (hiding).
 40015 | Vaults:5 | 40015 ||| Stepping ~*~*~tactically~*~*~ (hiding).
 40137 | Vaults:5 | 40137 ||| INVOKING Heroism.
 40154 | Vaults:5 | Reached skill level 21 in Fighting
 40155 | Vaults:5 | Noticed a dread lich
 40156 | Vaults:5 | 40156 ||| INVOKING Finesse.
 40166 | Vaults:5 | Killed a dread lich
 40166 | Vaults:5 | Received a gift from Okawaru
 40167 | Vaults:5 | Reached skill level 18 in Shields
 40247 | Vaults:5 | Received a gift from Okawaru
 40290 | Vaults:5 | 40290 ||| INVOKING Heroism.
 40291 | Vaults:5 | 40291 ||| INVOKING Finesse.
 40350 | Vaults:5 | 40350 ||| INVOKING Heroism.
 40351 | Vaults:5 | 40351 ||| INVOKING Finesse.
 40465 | Vaults:5 | 40465 ||| Stepping ~*~*~tactically~*~*~ (hiding).
 40471 | Vaults:5 | 40471 ||| INVOKING Heroism.
 40541 | Vaults:5 | 40541 ||| Stepping ~*~*~tactically~*~*~ (stealth).
 40545 | Vaults:5 | 40545 ||| Stepping ~*~*~tactically~*~*~ (hiding).
 40566 | Vaults:5 | Noticed a dread lich
 40567 | Vaults:5 | 40567 ||| INVOKING Heroism.
 40569 | Vaults:5 | 40569 ||| Stepping ~*~*~tactically~*~*~ (hiding).
 40580 | Vaults:5 | Killed a dread lich
 40618 | Vaults:5 | 40618 ||| FLEEEEING.
 40620 | Vaults:5 | 40620 ||| FLEEEEING.
 40621 | Vaults:5 | 40621 ||| FLEEEEING.
 40622 | Vaults:5 | 40622 ||| FLEEEEING.
 40623 | Vaults:5 | 40623 ||| FLEEEEING.
 40624 | Vaults:5 | 40624 ||| FLEEEEING.
 40625 | Vaults:5 | 40625 ||| FLEEEEING.
 40626 | Vaults:5 | 40626 ||| FLEEEEING.
 40627 | Vaults:5 | 40627 ||| FLEEEEING.
 40628 | Vaults:5 | 40628 ||| FLEEEEING.
 40629 | Vaults:5 | 40629 ||| FLEEEEING.
 40630 | Vaults:5 | 40630 ||| FLEEEEING.
 40631 | Vaults:5 | 40631 ||| FLEEEEING.
 40632 | Vaults:5 | 40632 ||| FLEEEEING.
 40633 | Vaults:5 | 40633 ||| FLEEEEING.
 40634 | Vaults:5 | 40634 ||| FLEEEEING.
 40635 | Vaults:5 | 40635 ||| FLEEEEING.
 40636 | Vaults:5 | 40636 ||| FLEEEEING.
 40637 | Vaults:5 | 40637 ||| FLEEEEING.
 40638 | Vaults:5 | 40638 ||| FLEEEEING.
 40639 | Vaults:5 | 40639 ||| FLEEEEING.
 40640 | Vaults:5 | 40640 ||| FLEEEEING.
 40641 | Vaults:5 | 40641 ||| FLEEEEING.
 40642 | Vaults:5 | 40642 ||| FLEEEEING.
 40643 | Vaults:5 | 40643 ||| FLEEEEING.
 40644 | Vaults:5 | 40644 ||| FLEEEEING.
 40645 | Vaults:5 | 40645 ||| FLEEEEING.
 40646 | Vaults:5 | 40646 ||| FLEEEEING.
 40647 | Vaults:5 | 40647 ||| INVOKING Heroism.
 40651 | Vaults:5 | Reached skill level 12 in Throwing
 40655 | Vaults:5 | 40655 ||| Stepping ~*~*~tactically~*~*~ (hiding).
 40656 | Vaults:5 | 40656 ||| Stepping ~*~*~tactically~*~*~ (hiding).
 40714 | Vaults:5 | 40714 ||| FLEEEEING.
 40756 | Vaults:5 | 40756 ||| Stepping ~*~*~tactically~*~*~ (hiding).
 40811 | Vaults:5 | 40811 ||| Stepping ~*~*~tactically~*~*~ (hiding).
 40816 | Vaults:5 | 40816 ||| INVOKING Heroism.
 40817 | Vaults:5 | 40817 ||| INVOKING Finesse.
 40855 | Vaults:5 | 40855 ||| INVOKING Heroism.
 41040 | Vaults:5 | Got a silver rune of Zot
 41085 | Vaults:5 | Received a gift from Okawaru
 41090 | Vaults:5 | 41090 ||| Stepping ~*~*~tactically~*~*~ (stealth).
 41092 | Vaults:5 | 41092 ||| Stepping ~*~*~tactically~*~*~ (hiding).
 41109 | Vaults:5 | 41109 ||| FLEEEEING.
 41163 | Vaults:5 | 41163 ||| FLEEEEING.
 41183 | Vaults:5 | 41183 ||| Stepping ~*~*~tactically~*~*~ (stealth).
 41214 | Vaults:5 | 41214 ||| INVOKING Heroism.
 41215 | Vaults:5 | 41215 ||| INVOKING Finesse.
 41279 | Vaults:5 | 41279 ||| Stepping ~*~*~tactically~*~*~ (hiding).
 41399 | Vaults:5 | 41399 ||| Stepping ~*~*~tactically~*~*~ (hiding).
 41403 | Vaults:5 | 41403 ||| INVOKING Heroism.
 41406 | Vaults:5 | 41406 ||| Stepping ~*~*~tactically~*~*~ (hiding).
 41411 | Vaults:5 | Received a gift from Okawaru
 41465 | Vaults:5 | Identified the +6 falchion of Lust {flame, rElec rC+ rCorr
                  | Dex-5}
 41491 | Vaults:5 | Identified the staff of fire "Ujauhil" {rF+ rC+ Will+ MP+9
                  | Int+3}
 41507 | Vaults:5 | 41507 ||| Stepping ~*~*~tactically~*~*~ (hiding).
 41510 | Vaults:5 | Noticed Sojobo
 41511 | Vaults:5 | 41511 ||| INVOKING Heroism.
 41513 | Vaults:5 | 41513 ||| Stepping ~*~*~tactically~*~*~ (hiding).
 41514 | Vaults:5 | 41514 ||| Stepping ~*~*~tactically~*~*~ (hiding).
 41523 | Vaults:5 | Killed Sojobo
 41523 | Vaults:5 | Received a gift from Okawaru
 41529 | Vaults:5 | Reached XP level 23. HP: 96/162 MP: 30/30
 41530 | Vaults:5 | Reached skill level 9 in Dodging
 41734 | Vaults:5 | 41734 ||| Stepping ~*~*~tactically~*~*~ (stealth).
 41751 | Vaults:5 | 41751 ||| INVOKING Heroism.
 41855 | Vaults:5 | Received a gift from Okawaru
 41930 | Vaults:5 | 41930 ||| Stepping ~*~*~tactically~*~*~ (hiding).
 41971 | Vaults:5 | 41971 ||| Stepping ~*~*~tactically~*~*~ (stealth).
 41985 | Vaults:5 | 41985 ||| Stepping ~*~*~tactically~*~*~ (hiding).
 41988 | Vaults:5 | 41988 ||| INVOKING Heroism.
 42132 | Vaults:5 | 42132 ||| INVOKING Heroism.
 42142 | Vaults:5 | Noticed a dread lich
 42143 | Vaults:5 | 42143 ||| Stepping ~*~*~tactically~*~*~ (stealth).
 42148 | Vaults:5 | Killed a dread lich
 42179 | Vaults:5 | 42179 ||| INVOKING Heroism.
 42322 | Vaults:5 | 42322 ||| PLANNING SHOPPING SPREE
 42322 | Vaults:5 | 42322 ||| DROPPING amulet of regeneration.
 42323 | Vaults:5 | 42323 ||| DROPPING ring of willpower.
 42624 | D:6      | 42624 ||| BUYING +0 chain mail of Neybrag {rPois Will+++
                  | rCorr Int-5} (388 gold).
 42624 | D:6      | Bought the +0 chain mail of Neybrag {rPois Will+++ rCorr
                  | Int-5} for 388 gold pieces
 42668 | D:6      | 42668 ||| DROPPING +1 scale mail of Imperfection {Will-
                  | rCorr Int+2}.
 42798 | D:1      | 42798 ||| BUYING +5 ring of evasion (396 gold).
 42798 | D:1      | Bought a +5 ring of evasion for 396 gold pieces
 42798 | D:1      | 42798 ||| BUYING ring of protection from fire (275 gold).
 42798 | D:1      | Bought a ring of protection from fire for 275 gold pieces
 42798 | D:1      | 42798 ||| UPGRADING to +5 ring of evasion.
 42800 | D:1      | 42800 ||| UPGRADING to +0 helmet of Ciaffi {rPois rCorr
                  | Str+2}.
 42804 | D:1      | Gained mutation: You have sharp fingernails. [mutagenic
                  | glow]
 42810 | D:1      | 42810 ||| DROPPING ring of fire.
 42811 | D:1      | 42811 ||| DROPPING +4 ring of protection.
 42812 | D:1      | 42812 ||| CLEARING SHOPPING LIST
 42812 | D:1      | 42812 ||| PLANNING ZOT:1-4
 43152 | Zot:1    | Entered Level 1 of the Realm of Zot
 43158 | Zot:1    | 43158 ||| Stepping ~*~*~tactically~*~*~ (hiding).
 43169 | Zot:1    | 43169 ||| INVOKING Heroism.
 43170 | Zot:1    | 43170 ||| Stepping ~*~*~tactically~*~*~ (hiding).
 43172 | Zot:1    | 43172 ||| Stepping ~*~*~tactically~*~*~ (hiding).
 43173 | Zot:1    | 43173 ||| Stepping ~*~*~tactically~*~*~ (hiding).
 43174 | Zot:1    | 43174 ||| Stepping ~*~*~tactically~*~*~ (hiding).
 43175 | Zot:1    | 43175 ||| Stepping ~*~*~tactically~*~*~ (hiding).
 43260 | Zot:1    | 43260 ||| INVOKING Heroism.
 43327 | Zot:1    | Noticed an orb of fire
 43328 | Zot:1    | 43328 ||| DRINKING 4 potions of resistance.
 43329 | Zot:1    | 43329 ||| INVOKING Heroism.
 43333 | Zot:1    | Gained mutation: You sometimes lose your temper in combat.
                  | [an orb of fire]
 43340 | Zot:1    | Killed an orb of fire
 43426 | Zot:1    | 43426 ||| DRINKING 6 potions of mutation.
 43426 | Zot:1    | Lost mutation: You have sharp fingernails. [potion of
                  | mutation]
 43426 | Zot:1    | Lost mutation: You sometimes lose your temper in combat.
                  | [potion of mutation]
 43426 | Zot:1    | Gained mutation: You have very sharp teeth. [potion of
                  | mutation]
 43426 | Zot:1    | Lost mutation: You have very sharp teeth. [potion of
                  | mutation]
 43426 | Zot:1    | Gained mutation: Your spells are a little harder to cast,
                  | but a little more powerful. [potion of mutation]
 43426 | Zot:1    | Gained mutation: You passively map a small area around you.
                  | [potion of mutation]
 43488 | Zot:1    | 43488 ||| Stepping ~*~*~tactically~*~*~ (hiding).
 43490 | Zot:1    | 43490 ||| Stepping ~*~*~tactically~*~*~ (hiding).
 43588 | Zot:1    | 43588 ||| INVOKING Heroism.
 43598 | Zot:1    | HP: 38/162 [green draconian monk[a green draconian monk]
                  | (5)]
 43599 | Zot:1    | 43599 ||| READING 13 scrolls of teleportation.
 43600 | Zot:1    | 43600 ||| DRINKING 12 potions of heal wounds.
 43603 | Zot:1    | Received a gift from Okawaru
 43604 | Zot:1    | HP: 36/162 [purple draconian/+0 glaive[a green draconian
                  | monk] (13)]
 43605 | Zot:1    | 43605 ||| READING 12 scrolls of teleportation.
 43606 | Zot:1    | 43606 ||| READING 11 scrolls of teleportation.
 43607 | Zot:1    | 43607 ||| DRINKING 11 potions of heal wounds.
 43609 | Zot:1    | 43609 ||| DRINKING 10 potions of heal wounds.
 43739 | Zot:1    | 43739 ||| Stepping ~*~*~tactically~*~*~ (stealth).
 43747 | Zot:1    | 43747 ||| Stepping ~*~*~tactically~*~*~ (stealth).
 43912 | Zot:1    | 43912 ||| FLEEEEING.
 43914 | Zot:1    | 43914 ||| Stepping ~*~*~tactically~*~*~ (hiding).
 43916 | Zot:1    | 43916 ||| Stepping ~*~*~tactically~*~*~ (hiding).
 43921 | Zot:1    | 43921 ||| INVOKING Heroism.
 43925 | Zot:1    | Received a gift from Okawaru
 43943 | Zot:1    | 43943 ||| Stepping ~*~*~tactically~*~*~ (stealth).
 43944 | Zot:1    | 43944 ||| Stepping ~*~*~tactically~*~*~ (stealth).
 43990 | Zot:1    | 43990 ||| INVOKING Heroism.
 44020 | Zot:1    | Received a gift from Okawaru
 44022 | Zot:1    | 44022 ||| FLEEEEING.
 44023 | Zot:1    | 44023 ||| FLEEEEING.
 44024 | Zot:1    | 44024 ||| FLEEEEING.
 44030 | Zot:1    | 44030 ||| FLEEEEING.
 44035 | Zot:1    | 44035 ||| FLEEEEING.
 44036 | Zot:1    | 44036 ||| FLEEEEING.
 44039 | Zot:1    | 44039 ||| INVOKING Heroism.
 44053 | Zot:1    | HP: 25/164 [purple draconian shifter/bolt of dispelling
                  | energy (24)]
 44054 | Zot:1    | 44054 ||| READING 10 scrolls of teleportation.
 44055 | Zot:1    | 44055 ||| DRINKING 9 potions of heal wounds.
 44325 | Zot:1    | Found a transporter.
 44327 | Zot:1    | Noticed a shard shrike
 44328 | Zot:1    | Noticed a shard shrike
 44328 | Zot:1    | Noticed qw's ghost (veteran GrFi)
 44328 | Zot:1    | Noticed a shard shrike
 44334 | Zot:1    | Noticed a caustic shrike
 44340 | Zot:1    | 44340 ||| INVOKING Heroism.
 44341 | Zot:1    | Found a transporter.
 44366 | Zot:1    | Noticed a shard shrike
 44378 | Zot:1    | 44378 ||| INVOKING Heroism.
 44456 | Zot:1    | 44456 ||| INVOKING Heroism.
 44484 | Zot:1    | Noticed a curse toe
 44498 | Zot:1    | Killed a curse toe
 44511 | Zot:1    | 44511 ||| Stepping ~*~*~tactically~*~*~ (hiding).
 44513 | Zot:1    | 44513 ||| Stepping ~*~*~tactically~*~*~ (hiding).
 44515 | Zot:1    | 44515 ||| Stepping ~*~*~tactically~*~*~ (hiding).
 44524 | Zot:1    | 44524 ||| INVOKING Heroism.
 44781 | Zot:1    | Found a transporter.
 44957 | Zot:1    | 44957 ||| Stepping ~*~*~tactically~*~*~ (hiding).
 44958 | Zot:1    | 44958 ||| Stepping ~*~*~tactically~*~*~ (hiding).
 45127 | Zot:2    | 45127 ||| INVOKING Heroism.
 45137 | Zot:2    | Noticed a golden dragon
 45145 | Zot:2    | Killed a golden dragon
 45148 | Zot:2    | 45148 ||| FLEEEEING.
 45149 | Zot:2    | 45149 ||| FLEEEEING.
 45150 | Zot:2    | 45150 ||| FLEEEEING.
 45151 | Zot:2    | 45151 ||| FLEEEEING.
 45152 | Zot:2    | 45152 ||| STAIRDANCE
 45357 | Zot:2    | 45357 ||| FLEEEEING.
 45358 | Zot:2    | 45358 ||| FLEEEEING.
 45359 | Zot:2    | 45359 ||| FLEEEEING.
 45362 | Zot:2    | 45362 ||| STAIRDANCE
 45469 | Zot:2    | Received a gift from Okawaru
 45475 | Zot:2    | 45475 ||| INVOKING Heroism.
 45623 | Zot:2    | Noticed a curse toe
 45624 | Zot:2    | 45624 ||| FLEEEEING.
 45625 | Zot:2    | 45625 ||| FLEEEEING.
 45626 | Zot:2    | 45626 ||| FLEEEEING.
 45627 | Zot:2    | 45627 ||| FLEEEEING.
 45628 | Zot:2    | 45628 ||| STAIRDANCE
 45748 | Zot:2    | 45748 ||| INVOKING Heroism.
 45755 | Zot:2    | Killed a curse toe
 45832 | Zot:2    | 45832 ||| INVOKING Heroism.
 45854 | Zot:2    | 45854 ||| Stepping ~*~*~tactically~*~*~ (hiding).
 45871 | Zot:2    | Received a gift from Okawaru
 45911 | Zot:2    | 45911 ||| INVOKING Heroism.
 46028 | Zot:2    | 46028 ||| INVOKING Heroism.
 46158 | Zot:2    | 46158 ||| INVOKING Heroism.
 46247 | Zot:2    | 46247 ||| INVOKING Heroism.
 46334 | Zot:2    | 46334 ||| INVOKING Heroism.
 46343 | Zot:2    | Reached skill level 24 in Fighting
 46343 | Zot:2    | Reached XP level 24. HP: 173/173 MP: 29/30
 46343 | Zot:2    | 46343 ||| Stepping ~*~*~tactically~*~*~ (hiding).
 46346 | Zot:2    | 46346 ||| Stepping ~*~*~tactically~*~*~ (hiding).
 46468 | Zot:2    | 46468 ||| Stepping ~*~*~tactically~*~*~ (hiding).
 46681 | Zot:3    | 46681 ||| STAIRDANCE
 46769 | Zot:3    | Identified the ring of Xom's Full Attention {Ice Int+6}
 46769 | Zot:3    | Noticed Josephina
 46780 | Zot:3    | Killed Josephina
 46781 | Zot:3    | 46781 ||| FLEEEEING.
 46782 | Zot:3    | 46782 ||| FLEEEEING.
 46783 | Zot:3    | 46783 ||| FLEEEEING.
 46784 | Zot:3    | 46784 ||| FLEEEEING.
 46830 | Zot:3    | 46830 ||| Stepping ~*~*~tactically~*~*~ (stealth).
 46831 | Zot:3    | 46831 ||| Stepping ~*~*~tactically~*~*~ (stealth).
 47010 | Zot:3    | 47010 ||| INVOKING Heroism.
 47056 | Zot:3    | 47056 ||| INVOKING Heroism.
 47323 | Zot:3    | 47323 ||| Stepping ~*~*~tactically~*~*~ (hiding).
 47325 | Zot:3    | 47325 ||| Stepping ~*~*~tactically~*~*~ (hiding).
 47326 | Zot:3    | 47326 ||| Stepping ~*~*~tactically~*~*~ (hiding).
 47327 | Zot:3    | 47327 ||| Stepping ~*~*~tactically~*~*~ (hiding).
 47338 | Zot:3    | 47338 ||| Stepping ~*~*~tactically~*~*~ (stealth).
 47340 | Zot:3    | 47340 ||| Stepping ~*~*~tactically~*~*~ (stealth).
 47342 | Zot:3    | 47342 ||| Stepping ~*~*~tactically~*~*~ (stealth).
 47357 | Zot:3    | 47357 ||| Stepping ~*~*~tactically~*~*~ (stealth).
 47359 | Zot:3    | 47359 ||| Stepping ~*~*~tactically~*~*~ (hiding).
 47361 | Zot:3    | 47361 ||| Stepping ~*~*~tactically~*~*~ (hiding).
 47590 | Zot:3    | Received a gift from Okawaru
 47593 | Zot:3    | Noticed a curse toe
 47593 | Zot:3    | 47593 ||| INVOKING Heroism.
 47598 | Zot:3    | Killed a curse toe
 47610 | Zot:3    | Received a gift from Okawaru
 47901 | Zot:3    | 47901 ||| DROPPING scarf of harm.
 47924 | Zot:4    | Noticed a curse toe
 47925 | Zot:4    | 47925 ||| INVOKING Heroism.
 47932 | Zot:4    | Killed a curse toe
 47959 | Zot:4    | Noticed Vv
 47960 | Zot:4    | 47960 ||| Stepping ~*~*~tactically~*~*~ (hiding).
 47961 | Zot:4    | 47961 ||| DRINKING 3 potions of resistance.
 47962 | Zot:4    | 47962 ||| INVOKING Heroism.
 47982 | Zot:4    | Killed Vv
 48064 | Zot:4    | 48064 ||| Stepping ~*~*~tactically~*~*~ (stealth).
 48065 | Zot:4    | 48065 ||| Stepping ~*~*~tactically~*~*~ (stealth).
 48067 | Zot:4    | 48067 ||| INVOKING Heroism.
 48073 | Zot:4    | Received a gift from Okawaru
 48151 | Zot:4    | 48151 ||| Stepping ~*~*~tactically~*~*~ (hiding).
 48161 | Zot:4    | 48161 ||| Stepping ~*~*~tactically~*~*~ (hiding).
 48163 | Zot:4    | 48163 ||| Stepping ~*~*~tactically~*~*~ (hiding).
 48166 | Zot:4    | 48166 ||| Stepping ~*~*~tactically~*~*~ (hiding).
 48169 | Zot:4    | 48169 ||| INVOKING Heroism.
 48173 | Zot:4    | Received a gift from Okawaru
 48177 | Zot:4    | 48177 ||| Stepping ~*~*~tactically~*~*~ (hiding).
 48178 | Zot:4    | 48178 ||| Stepping ~*~*~tactically~*~*~ (hiding).
 48186 | Zot:4    | 48186 ||| FLEEEEING.
 48187 | Zot:4    | 48187 ||| FLEEEEING.
 48188 | Zot:4    | 48188 ||| Stepping ~*~*~tactically~*~*~ (stealth).
 48206 | Zot:4    | 48206 ||| FLEEEEING.
 48212 | Zot:4    | 48212 ||| FLEEEEING.
 48213 | Zot:4    | 48213 ||| FLEEEEING.
 48214 | Zot:4    | 48214 ||| FLEEEEING.
 48226 | Zot:4    | 48226 ||| Stepping ~*~*~tactically~*~*~ (hiding).
 48229 | Zot:4    | 48229 ||| INVOKING Heroism.
 48235 | Zot:4    | Received a gift from Okawaru
 48246 | Zot:4    | 48246 ||| FLEEEEING.
 48247 | Zot:4    | 48247 ||| FLEEEEING.
 48247 | Zot:4    | HP: 36/174 [purple draconian/bolt of dispelling energy[a
                  | yellow draconian annihilator] (42)]
 48248 | Zot:4    | 48248 ||| FLEEEEING.
 48249 | Zot:4    | 48249 ||| FLEEEEING.
 48250 | Zot:4    | 48250 ||| FLEEEEING.
 48251 | Zot:4    | 48251 ||| FLEEEEING.
 48253 | Zot:4    | 48253 ||| FLEEEEING.
 48254 | Zot:4    | 48254 ||| FLEEEEING.
 48255 | Zot:4    | 48255 ||| FLEEEEING.
 48256 | Zot:4    | 48256 ||| FLEEEEING.
 48257 | Zot:4    | 48257 ||| FLEEEEING.
 48258 | Zot:4    | 48258 ||| FLEEEEING.
 48259 | Zot:4    | 48259 ||| FLEEEEING.
 48260 | Zot:4    | 48260 ||| FLEEEEING.
 48261 | Zot:4    | 48261 ||| FLEEEEING.
 48264 | Zot:4    | 48264 ||| FLEEEEING.
 48265 | Zot:4    | 48265 ||| FLEEEEING.
 48266 | Zot:4    | 48266 ||| FLEEEEING.
 48267 | Zot:4    | 48267 ||| STAIRDANCE
 48528 | Zot:3    | 48528 ||| DROPPING 50 boomerangs.
 48529 | Zot:3    | 48529 ||| DROPPING 5 silver boomerangs.
 48530 | Zot:3    | 48530 ||| DROPPING 15 boomerangs of dispersal.
 48533 | Zot:4    | 48533 ||| Stepping ~*~*~tactically~*~*~ (hiding).
 48535 | Zot:4    | 48535 ||| Stepping ~*~*~tactically~*~*~ (hiding).
 48646 | Zot:4    | 48646 ||| Stepping ~*~*~tactically~*~*~ (hiding).
 48812 | Zot:4    | 48812 ||| Stepping ~*~*~tactically~*~*~ (stealth).
 48815 | Zot:4    | Noticed a curse toe
 48816 | Zot:4    | 48816 ||| Stepping ~*~*~tactically~*~*~ (hiding).
 48821 | Zot:4    | 48821 ||| INVOKING Heroism.
 48829 | Zot:4    | Killed a curse toe
 48834 | Zot:4    | 48834 ||| Stepping ~*~*~tactically~*~*~ (hiding).
 48836 | Zot:4    | 48836 ||| Stepping ~*~*~tactically~*~*~ (hiding).
 49066 | Zot:4    | 49066 ||| FLEEEEING.
 49067 | Zot:4    | 49067 ||| FLEEEEING.
 49071 | Zot:4    | Received a gift from Okawaru
 49074 | Zot:4    | 49074 ||| FLEEEEING.
 49075 | Zot:4    | 49075 ||| FLEEEEING.
 49082 | Zot:4    | 49082 ||| Stepping ~*~*~tactically~*~*~ (hiding).
 49083 | Zot:4    | 49083 ||| Stepping ~*~*~tactically~*~*~ (hiding).
 49138 | Zot:4    | 49138 ||| Stepping ~*~*~tactically~*~*~ (hiding).
 49140 | Zot:4    | 49140 ||| Stepping ~*~*~tactically~*~*~ (hiding).
 49141 | Zot:4    | 49141 ||| Stepping ~*~*~tactically~*~*~ (hiding).
 49348 | Zot:4    | 49348 ||| Stepping ~*~*~tactically~*~*~ (hiding).
 49414 | Zot:4    | 49414 ||| FLEEEEING.
 49522 | Zot:4    | 49522 ||| FLEEEEING.
 49523 | Zot:4    | 49523 ||| FLEEEEING.
 49524 | Zot:4    | 49524 ||| FLEEEEING.
 49525 | Zot:4    | 49525 ||| FLEEEEING.
 49526 | Zot:4    | 49526 ||| FLEEEEING.
 49527 | Zot:4    | 49527 ||| FLEEEEING.
 49528 | Zot:4    | 49528 ||| FLEEEEING.
 49529 | Zot:4    | 49529 ||| FLEEEEING.
 49530 | Zot:4    | 49530 ||| FLEEEEING.
 49531 | Zot:4    | 49531 ||| FLEEEEING.
 49532 | Zot:4    | 49532 ||| FLEEEEING.
 49533 | Zot:4    | 49533 ||| FLEEEEING.
 49534 | Zot:4    | 49534 ||| FLEEEEING.
 49538 | Zot:4    | 49538 ||| FLEEEEING.
 49539 | Zot:4    | 49539 ||| FLEEEEING.
 49540 | Zot:4    | 49540 ||| FLEEEEING.
 49541 | Zot:4    | 49541 ||| FLEEEEING.
 49542 | Zot:4    | 49542 ||| FLEEEEING.
 49543 | Zot:4    | 49543 ||| Stepping ~*~*~tactically~*~*~ (hiding).
 49545 | Zot:4    | 49545 ||| Stepping ~*~*~tactically~*~*~ (hiding).
 49549 | Zot:4    | 49549 ||| Stepping ~*~*~tactically~*~*~ (hiding).
 49770 | Zot:4    | Received a gift from Okawaru
 50051 | Zot:4    | 50051 ||| PLANNING SLIME:5
 50051 | Zot:4    | 50051 ||| UPGRADING to +0 tower shield.
 50378 | Lair:4   | 50378 ||| INVOKING Heroism.
 50385 | Lair:4   | Killed qw's ghost
 50486 | Slime:1  | Entered Level 1 of the Pits of Slime
 50586 | Slime:3  | 50586 ||| DRINKING 17 potions of curing.
 50586 | Slime:3  | 50586 ||| (to cure confusion)
 50588 | Slime:3  | 50588 ||| DRINKING 16 potions of curing.
 50588 | Slime:3  | 50588 ||| (to cure confusion)
 50652 | Slime:5  | Entered Level 5 of the Pits of Slime
 50654 | Slime:5  | Gained mutation: You are dopey. (Int -2) [a shining eye]
 50655 | Slime:5  | Gained mutation: You are very dopey. (Int -4) [a shining
                  | eye]
 50657 | Slime:5  | Gained mutation: You are frail. (-10% HP) [a shining eye]
 50663 | Slime:5  | 50663 ||| DRINKING 5 potions of mutation.
 50663 | Slime:5  | Lost mutation: You passively map a small area around you.
                  | [potion of mutation]
 50663 | Slime:5  | Lost mutation: Your spells are a little harder to cast, but
                  | a little more powerful. [potion of mutation]
 50663 | Slime:5  | Lost mutation: You are very dopey. (Int -4) [potion of
                  | mutation]
 50663 | Slime:5  | Gained mutation: You expend magic power (3 MP) to
                  | strengthen your wands. [potion of mutation]
 50663 | Slime:5  | Gained mutation: You passively map a small area around you.
                  | [potion of mutation]
 50664 | Slime:5  | 50664 ||| DRINKING 4 potions of mutation.
 50664 | Slime:5  | Lost mutation: You are frail. (-10% HP) [potion of
                  | mutation]
 50664 | Slime:5  | Lost mutation: You expend magic power (3 MP) to strengthen
                  | your wands. [potion of mutation]
 50664 | Slime:5  | Lost mutation: You passively map a small area around you.
                  | [potion of mutation]
 50664 | Slime:5  | Gained mutation: Your flesh is cold resistant. (rC+)
                  | [potion of mutation]
 50664 | Slime:5  | Gained mutation: You have supernaturally acute eyesight.
                  | (SInv) [potion of mutation]
 50768 | Slime:5  | Found a viscous altar of Jiyva.
 50770 | Slime:5  | Noticed the Royal Jelly
 50775 | Slime:5  | 50775 ||| INVOKING Heroism.
 50797 | Slime:5  | Killed the Royal Jelly
 50818 | Slime:5  | 50818 ||| INVOKING Heroism.
 50821 | Slime:5  | Reached XP level 25. HP: 56/181 MP: 28/30
 50822 | Slime:5  | HP: 44/181 [slime creature (2)]
 50823 | Slime:5  | 50823 ||| READING 9 scrolls of teleportation.
 50824 | Slime:5  | 50824 ||| DRINKING 10 potions of heal wounds.
 50829 | Slime:5  | 50829 ||| DRINKING 4 potions of cancellation.
 50838 | Slime:5  | HP: 45/181 [acid (2)]
 50839 | Slime:5  | 50839 ||| READING 8 scrolls of teleportation.
 50840 | Slime:5  | 50840 ||| DRINKING 9 potions of heal wounds.
 51071 | Slime:5  | 51071 ||| DRINKING 15 potions of curing.
 51071 | Slime:5  | 51071 ||| (to cure confusion)
 51074 | Slime:5  | Paralysed by a great orb of eyes for 3 turns
 51126 | Slime:5  | Got a slimy rune of Zot
 51180 | Slime:5  | Identified the +9 mace "Dihofary" {elec, rC+ Dex+3}
 51209 | Slime:5  | Identified the staff of fire "Nasinec" {*Slow rElec rF+
                  | Will+ rCorr}
 51288 | Slime:5  | Gained mutation: Your magical capacity is low. (-10% MP) [a
                  | shining eye]
 51462 | Slime:5  | 51462 ||| PLANNING THE SHINING ONE WORSHIP
 51462 | Slime:5  | 51462 ||| DROPPING +1 pair of gloves "Houwooso" {rCorr MP+9
                  | Str-2 Int+8}.
 51463 | Slime:5  | 51463 ||| DROPPING +1 helmet of intelligence.
 51464 | Slime:5  | 51464 ||| UPGRADING to +2 shield of Resistance {rF++ rC++
                  | Will++}.
 51474 | Slime:5  | 51474 ||| DROPPING +0 pair of boots of stealth.
 51475 | Slime:5  | 51475 ||| DROPPING +0 chain mail of Neybrag {rPois Will+++
                  | rCorr Int-5}.
 51476 | Slime:5  | 51476 ||| DROPPING ring of resist corrosion.
 51477 | Slime:5  | 51477 ||| DROPPING ring "Leufong" {Contam rPois rCorr
                  | Slay+3}.
 51836 | Temple   | Fell from the grace of Okawaru
 51836 | Temple   | Became a worshipper of the Shining One
 51836 | Temple   | 51836 ||| PLANNING CRYPT
 52176 | Crypt:1  | Entered Level 1 of the Crypt
 52176 | Crypt:1  | Reached * piety under the Shining One
 52197 | Crypt:1  | Reached ** piety under the Shining One
 52236 | Crypt:1  | 52236 ||| FLEEEEING.
 52237 | Crypt:1  | 52237 ||| FLEEEEING.
 52238 | Crypt:1  | 52238 ||| FLEEEEING.
 52239 | Crypt:1  | 52239 ||| FLEEEEING.
 52240 | Crypt:1  | 52240 ||| FLEEEEING.
 52241 | Crypt:1  | 52241 ||| STAIRDANCE
 52482 | Crypt:1  | 52482 ||| Stepping ~*~*~tactically~*~*~ (stealth).
 52503 | Crypt:1  | Reached *** piety under the Shining One
 52526 | Crypt:1  | Reached **** piety under the Shining One
 52544 | Crypt:1  | Reached skill level 12 in Invocations
 52570 | Crypt:1  | 52570 ||| FLEEEEING.
 52571 | Crypt:1  | 52571 ||| FLEEEEING.
 52572 | Crypt:1  | 52572 ||| FLEEEEING.
 52573 | Crypt:1  | 52573 ||| FLEEEEING.
 52574 | Crypt:1  | 52574 ||| FLEEEEING.
 52575 | Crypt:1  | 52575 ||| FLEEEEING.
 52576 | Crypt:1  | 52576 ||| FLEEEEING.
 52577 | Crypt:1  | 52577 ||| STAIRDANCE
 52669 | Crypt:1  | Reached ***** piety under the Shining One
 52792 | Crypt:1  | You are sucked into a shaft and drop 1 floor!
 52822 | Crypt:2  | Found a transporter.
 52827 | Crypt:2  | Found a shimmering blue altar of Sif Muna.
 52832 | Crypt:2  | 52832 ||| Stepping ~*~*~tactically~*~*~ (stealth).
 52835 | Crypt:2  | 52835 ||| Stepping ~*~*~tactically~*~*~ (stealth).
 52837 | Crypt:2  | 52837 ||| Stepping ~*~*~tactically~*~*~ (stealth).
 52853 | Crypt:2  | Reached ****** piety under the Shining One
 52868 | Crypt:2  | 52868 ||| INVOKING Brand Weapon With Holy Wrath.
 52868 | Crypt:2  | Identified a +4 broad axe of holy wrath (a +2 heavy broad
                  | axe blessed by the Shining One)
 52868 | Crypt:2  | Received a gift from the Shining One
 52995 | Crypt:2  | Noticed an ancient lich
 52998 | Crypt:2  | Noticed a dread lich
 53016 | Crypt:2  | 53016 ||| DROPPING amulet of the acrobat.
 53360 | Crypt:1  | Found a huge runed translucent gate.
 53360 | Crypt:1  | Found a huge runed translucent gate.
 53361 | Crypt:1  | Found a huge runed translucent gate.
 53361 | Crypt:1  | Found a huge runed translucent gate.
 53361 | Crypt:1  | Found a huge runed translucent gate.
 53361 | Crypt:1  | Found a huge runed translucent gate.
 53362 | Crypt:1  | Found a huge runed translucent gate.
 53362 | Crypt:1  | Found a huge runed translucent gate.
 53362 | Crypt:1  | Found a huge runed translucent gate.
 53662 | Crypt:1  | 53662 ||| FLEEEEING.
 53666 | Crypt:1  | 53666 ||| FLEEEEING.
 53668 | Crypt:1  | 53668 ||| FLEEEEING.
 53693 | Crypt:1  | Identified the ring "Ohuacsit" {rElec rF- rC+ rN++ Dex+6}
 53894 | Crypt:1  | Identified the +8 war axe of Law Pous {drain, Dex+4}
 54163 | Crypt:2  | 54163 ||| Stepping ~*~*~tactically~*~*~ (stealth).
 54165 | Crypt:2  | 54165 ||| Stepping ~*~*~tactically~*~*~ (stealth).
 54166 | Crypt:2  | 54166 ||| Stepping ~*~*~tactically~*~*~ (stealth).
 54247 | Crypt:2  | 54247 ||| Stepping ~*~*~tactically~*~*~ (stealth).
 54259 | Crypt:2  | 54259 ||| Stepping ~*~*~tactically~*~*~ (hiding).
 54754 | Crypt:3  | Entered Level 3 of the Crypt
 54756 | Crypt:3  | 54756 ||| INVOKING Cleansing Flame.
 54821 | Crypt:3  | 54821 ||| Stepping ~*~*~tactically~*~*~ (stealth).
 54859 | Crypt:3  | Identified the ring of the Doomed God {Wiz Str+8 Int+3
                  | Dex-5}
 54874 | Crypt:3  | 54874 ||| Stepping ~*~*~tactically~*~*~ (hiding).
 54882 | Crypt:3  | 54882 ||| Stepping ~*~*~tactically~*~*~ (stealth).
 54900 | Crypt:3  | 54900 ||| Stepping ~*~*~tactically~*~*~ (stealth).
 54901 | Crypt:3  | Paralysed by a vampire knight for 3 turns
 54976 | Crypt:3  | 54976 ||| Stepping ~*~*~tactically~*~*~ (stealth).
 55013 | Crypt:3  | 55013 ||| Stepping ~*~*~tactically~*~*~ (stealth).
 55015 | Crypt:3  | 55015 ||| Stepping ~*~*~tactically~*~*~ (stealth).
 55060 | Crypt:3  | 55060 ||| DROPPING ring of the Doomed God {Wiz Str+8 Int+3
                  | Dex-5}.
 55061 | Crypt:3  | 55061 ||| READING 41 scrolls of identify.
 55061 | Crypt:3  | 55061 ||| IDENTIFYING murky puce potion
 55066 | Crypt:3  | Identified the ring "Tuututa" {+Blink rC- rN+ Int+9 SInv}
 55088 | Crypt:3  | 55088 ||| Stepping ~*~*~tactically~*~*~ (hiding).
 55138 | Crypt:3  | 55138 ||| Stepping ~*~*~tactically~*~*~ (stealth).
 55183 | Crypt:3  | 55183 ||| INVOKING Cleansing Flame.
 55184 | Crypt:3  | 55184 ||| INVOKING Cleansing Flame.
 55185 | Crypt:3  | 55185 ||| INVOKING Cleansing Flame.
 55198 | Crypt:3  | 55198 ||| FLEEEEING.
 55199 | Crypt:3  | 55199 ||| FLEEEEING.
 55208 | Crypt:3  | 55208 ||| FLEEEEING.
 55257 | Crypt:3  | 55257 ||| Stepping ~*~*~tactically~*~*~ (hiding).
 55261 | Crypt:3  | 55261 ||| INVOKING Cleansing Flame.
 55308 | Crypt:3  | Noticed an ancient lich
 55309 | Crypt:3  | Noticed a dread lich
 55341 | Crypt:3  | Reached skill level 15 in Invocations
 55470 | Crypt:3  | Found a staircase to the Tomb.
 55851 | Crypt:3  | 55851 ||| Stepping ~*~*~tactically~*~*~ (stealth).
 55852 | Crypt:3  | 55852 ||| Stepping ~*~*~tactically~*~*~ (stealth).
 55882 | Crypt:3  | Found the +9 sword of Zonguldrok {reap}
 56090 | Crypt:3  | 56090 ||| PLANNING TOMB
 56090 | Crypt:3  | 56090 ||| SWAPPING to +4 broad axe of holy wrath.
 56091 | Crypt:3  | 56091 ||| READING scroll of enchant weapon.
 56091 | Crypt:3  | 56091 ||| ENCHANTING +4 broad axe of holy wrath.
 56438 | Tomb:1   | Entered Level 1 of the Tomb of the Ancients
 56565 | Tomb:1   | 56565 ||| INVOKING Cleansing Flame.
 56580 | Tomb:1   | 56580 ||| FLEEEEING.
 56581 | Tomb:1   | 56581 ||| FLEEEEING.
 56582 | Tomb:1   | 56582 ||| FLEEEEING.
 56583 | Tomb:1   | 56583 ||| FLEEEEING.
 56733 | Tomb:1   | 56733 ||| Stepping ~*~*~tactically~*~*~ (stealth).
 56790 | Tomb:1   | Reached XP level 26. HP: 138/188 MP: 30/30
 56796 | Tomb:1   | 56796 ||| INVOKING Summon Divine Warrior.
 56981 | Tomb:1   | 56981 ||| FLEEEEING.
 56982 | Tomb:1   | 56982 ||| FLEEEEING.
 56983 | Tomb:1   | 56983 ||| FLEEEEING.
 56984 | Tomb:1   | 56984 ||| FLEEEEING.
 56985 | Tomb:1   | 56985 ||| FLEEEEING.
 56986 | Tomb:1   | 56986 ||| FLEEEEING.
 56987 | Tomb:1   | 56987 ||| FLEEEEING.
 56988 | Tomb:1   | 56988 ||| FLEEEEING.
 56989 | Tomb:1   | 56989 ||| FLEEEEING.
 56990 | Tomb:1   | 56990 ||| FLEEEEING.
 56991 | Tomb:1   | 56991 ||| FLEEEEING.
 56992 | Tomb:1   | 56992 ||| FLEEEEING.
 56993 | Tomb:1   | 56993 ||| FLEEEEING.
 56994 | Tomb:1   | 56994 ||| FLEEEEING.
 56995 | Tomb:1   | 56995 ||| FLEEEEING.
 56996 | Tomb:1   | 56996 ||| FLEEEEING.
 57007 | Tomb:1   | 57007 ||| FLEEEEING.
 57008 | Tomb:1   | 57008 ||| FLEEEEING.
 57009 | Tomb:1   | 57009 ||| FLEEEEING.
 57010 | Tomb:1   | 57010 ||| FLEEEEING.
 57011 | Tomb:1   | 57011 ||| FLEEEEING.
 57012 | Tomb:1   | 57012 ||| FLEEEEING.
 57013 | Tomb:1   | 57013 ||| FLEEEEING.
 57014 | Tomb:1   | 57014 ||| FLEEEEING.
 57015 | Tomb:1   | 57015 ||| FLEEEEING.
 57016 | Tomb:1   | 57016 ||| FLEEEEING.
 57017 | Tomb:1   | 57017 ||| FLEEEEING.
 57018 | Tomb:1   | 57018 ||| FLEEEEING.
 57019 | Tomb:1   | 57019 ||| FLEEEEING.
 57020 | Tomb:1   | 57020 ||| FLEEEEING.
 57021 | Tomb:1   | 57021 ||| FLEEEEING.
 57022 | Tomb:1   | 57022 ||| FLEEEEING.
 57023 | Tomb:1   | 57023 ||| FLEEEEING.
 57024 | Tomb:1   | 57024 ||| FLEEEEING.
 57025 | Tomb:1   | 57025 ||| FLEEEEING.
 57026 | Tomb:1   | 57026 ||| FLEEEEING.
 57027 | Tomb:1   | 57027 ||| FLEEEEING.
 57028 | Tomb:1   | 57028 ||| FLEEEEING.
 57029 | Tomb:1   | 57029 ||| FLEEEEING.
 57030 | Tomb:1   | 57030 ||| FLEEEEING.
 57031 | Tomb:1   | 57031 ||| FLEEEEING.
 57032 | Tomb:1   | 57032 ||| FLEEEEING.
 57033 | Tomb:1   | 57033 ||| FLEEEEING.
 57034 | Tomb:1   | 57034 ||| FLEEEEING.
 57040 | Tomb:1   | 57040 ||| FLEEEEING.
 57041 | Tomb:1   | 57041 ||| FLEEEEING.
 57042 | Tomb:1   | 57042 ||| FLEEEEING.
 57043 | Tomb:1   | 57043 ||| FLEEEEING.
 57044 | Tomb:1   | 57044 ||| FLEEEEING.
 57045 | Tomb:1   | 57045 ||| FLEEEEING.
 57046 | Tomb:1   | 57046 ||| FLEEEEING.
 57047 | Tomb:1   | 57047 ||| FLEEEEING.
 57048 | Tomb:1   | 57048 ||| FLEEEEING.
 57049 | Tomb:1   | 57049 ||| FLEEEEING.
 57050 | Tomb:1   | 57050 ||| FLEEEEING.
 57051 | Tomb:1   | 57051 ||| FLEEEEING.
 57052 | Tomb:1   | 57052 ||| FLEEEEING.
 57053 | Tomb:1   | 57053 ||| FLEEEEING.
 57054 | Tomb:1   | 57054 ||| STAIRDANCE
 57457 | Tomb:1   | Noticed a royal mummy
 57458 | Tomb:1   | 57458 ||| INVOKING Summon Divine Warrior.
 57458 | Tomb:1   | Noticed a royal mummy
 57466 | Tomb:1   | 57466 ||| INVOKING Cleansing Flame.
 57467 | Tomb:1   | 57467 ||| INVOKING Cleansing Flame.
 57467 | Tomb:1   | Noticed a royal mummy
 57468 | Tomb:1   | 57468 ||| INVOKING Cleansing Flame.
 57469 | Tomb:1   | 57469 ||| INVOKING Cleansing Flame.
 57470 | Tomb:1   | 57470 ||| INVOKING Cleansing Flame.
 57470 | Tomb:1   | Killed a royal mummy
 57471 | Tomb:1   | 57471 ||| DRINKING potion of magic.
 57471 | Tomb:1   | Killed a royal mummy
 57477 | Tomb:1   | 57477 ||| INVOKING Cleansing Flame.
 57480 | Tomb:1   | Killed a royal mummy
 57501 | Tomb:1   | 57501 ||| INVOKING Cleansing Flame.
 57640 | Tomb:1   | 57640 ||| Stepping ~*~*~tactically~*~*~ (cloud).
 57642 | Tomb:1   | 57642 ||| Stepping ~*~*~tactically~*~*~ (cloud).
 57646 | Tomb:1   | 57646 ||| INVOKING Cleansing Flame.
 57889 | Tomb:1   | Identified the ring "Baroubin" {rPois Will+ Int+3}
 57893 | Tomb:1   | 57893 ||| INVOKING Cleansing Flame.
 57894 | Tomb:1   | 57894 ||| INVOKING Cleansing Flame.
 57895 | Tomb:1   | 57895 ||| INVOKING Cleansing Flame.
 57956 | Tomb:1   | 57956 ||| READING scroll of enchant weapon.
 57956 | Tomb:1   | 57956 ||| ENCHANTING +5 broad axe of holy wrath.
 58291 | Tomb:2   | 58291 ||| DRINKING 9 potions of haste.
 58292 | Tomb:2   | 58292 ||| DRINKING 9 potions of attraction.
 58293 | Tomb:2   | 58293 ||| INVOKING Cleansing Flame.
 58294 | Tomb:2   | 58294 ||| INVOKING Summon Divine Warrior.
 58295 | Tomb:2   | Noticed a royal mummy
 58295 | Tomb:2   | Noticed a royal mummy
 58298 | Tomb:2   | Noticed a royal mummy
 58298 | Tomb:2   | Noticed a royal mummy
 58299 | Tomb:2   | Noticed a royal mummy
 58303 | Tomb:2   | 58303 ||| INVOKING Cleansing Flame.
 58306 | Tomb:2   | 58306 ||| INVOKING Summon Divine Warrior.
 58308 | Tomb:2   | Killed a royal mummy
 58308 | Tomb:2   | Killed a royal mummy
 58309 | Tomb:2   | Killed a royal mummy
 58310 | Tomb:2   | Killed a royal mummy
 58313 | Tomb:2   | Killed a royal mummy
 58314 | Tomb:2   | Reached skill level 18 in Axes
 58360 | Tomb:2   | 58360 ||| INVOKING Cleansing Flame.
 58503 | Tomb:2   | 58503 ||| Stepping ~*~*~tactically~*~*~ (hiding).
 58505 | Tomb:2   | 58505 ||| INVOKING Cleansing Flame.
 58994 | Tomb:2   | 58994 ||| INVOKING Summon Divine Warrior.
 58997 | Tomb:2   | 58997 ||| INVOKING Cleansing Flame.
 59379 | Tomb:1   | Noticed a royal mummy
 59380 | Tomb:1   | 59380 ||| INVOKING Summon Divine Warrior.
 59384 | Tomb:1   | 59384 ||| INVOKING Cleansing Flame.
 59388 | Tomb:1   | Killed a royal mummy
 59441 | Tomb:1   | Noticed a royal mummy
 59448 | Tomb:1   | Killed a royal mummy
 59504 | Tomb:1   | Was forgiven by Okawaru
 59505 | Tomb:1   | 59505 ||| DRINKING 18 potions of curing.
 59505 | Tomb:1   | 59505 ||| (to cure confusion)
 59525 | Tomb:1   | Noticed a royal mummy
 59526 | Tomb:1   | 59526 ||| INVOKING Summon Divine Warrior.
 59532 | Tomb:1   | 59532 ||| INVOKING Cleansing Flame.
 59533 | Tomb:1   | 59533 ||| INVOKING Cleansing Flame.
 59533 | Tomb:1   | Killed a royal mummy
 59746 | Tomb:1   | Noticed a royal mummy
 59747 | Tomb:1   | 59747 ||| INVOKING Cleansing Flame.
 59748 | Tomb:1   | 59748 ||| INVOKING Cleansing Flame.
 59749 | Tomb:1   | 59749 ||| INVOKING Cleansing Flame.
 59750 | Tomb:1   | 59750 ||| INVOKING Summon Divine Warrior.
 59753 | Tomb:1   | Killed a royal mummy
 59756 | Tomb:1   | Noticed a royal mummy
 59758 | Tomb:1   | Noticed a royal mummy
 59760 | Tomb:1   | 59760 ||| INVOKING Cleansing Flame.
 59761 | Tomb:1   | Killed a royal mummy
 59763 | Tomb:1   | 59763 ||| INVOKING Cleansing Flame.
 59765 | Tomb:1   | Killed a royal mummy
 59766 | Tomb:1   | Reached skill level 24 in Armour
 59772 | Tomb:1   | Noticed a royal mummy
 59780 | Tomb:1   | Killed a royal mummy
 59802 | Tomb:1   | Noticed a royal mummy
 59805 | Tomb:1   | Noticed a royal mummy
 59806 | Tomb:1   | 59806 ||| INVOKING Cleansing Flame.
 59809 | Tomb:1   | Killed a royal mummy
 59814 | Tomb:1   | Killed a royal mummy
 59821 | Tomb:1   | Noticed a royal mummy
 59824 | Tomb:1   | Noticed a royal mummy
 59825 | Tomb:1   | 59825 ||| INVOKING Cleansing Flame.
 59826 | Tomb:1   | 59826 ||| INVOKING Cleansing Flame.
 59826 | Tomb:1   | Killed a royal mummy
 59829 | Tomb:1   | 59829 ||| INVOKING Cleansing Flame.
 59834 | Tomb:1   | Killed a royal mummy
 59836 | Tomb:1   | Noticed a royal mummy
 59852 | Tomb:1   | 59852 ||| INVOKING Summon Divine Warrior.
 59879 | Tomb:1   | 59879 ||| INVOKING Cleansing Flame.
 59879 | Tomb:1   | Killed a royal mummy
 60163 | Tomb:1   | Noticed a royal mummy
 60164 | Tomb:1   | 60164 ||| Stepping ~*~*~tactically~*~*~ (hiding).
 60166 | Tomb:1   | 60166 ||| INVOKING Summon Divine Warrior.
 60167 | Tomb:1   | 60167 ||| INVOKING Cleansing Flame.
 60168 | Tomb:1   | 60168 ||| INVOKING Summon Divine Warrior.
 60173 | Tomb:1   | Killed a royal mummy
 60178 | Tomb:1   | Noticed a royal mummy
 60181 | Tomb:1   | Killed a royal mummy
 60587 | Tomb:2   | 60587 ||| INVOKING Summon Divine Warrior.
 60588 | Tomb:2   | 60588 ||| INVOKING Summon Divine Warrior.
 60591 | Tomb:2   | 60591 ||| INVOKING Cleansing Flame.
 60592 | Tomb:2   | 60592 ||| INVOKING Cleansing Flame.
 60593 | Tomb:2   | 60593 ||| INVOKING Cleansing Flame.
 60594 | Tomb:2   | 60594 ||| INVOKING Cleansing Flame.
 60852 | Tomb:3   | Entered Level 3 of the Tomb of the Ancients
 60853 | Tomb:3   | 60853 ||| DRINKING 8 potions of haste.
 60854 | Tomb:3   | 60854 ||| DRINKING 9 potions of attraction.
 60858 | Tomb:3   | 60858 ||| INVOKING Cleansing Flame.
 60865 | Tomb:3   | Noticed a royal mummy
 60866 | Tomb:3   | 60866 ||| INVOKING Summon Divine Warrior.
 60868 | Tomb:3   | 60868 ||| INVOKING Cleansing Flame.
 60869 | Tomb:3   | Reached XP level 27. HP: 184/193 MP: 26/31
 60869 | Tomb:3   | Noticed a royal mummy
 60872 | Tomb:3   | Killed a royal mummy
 60877 | Tomb:3   | Killed a royal mummy
 60877 | Tomb:3   | Paralysed by a Zot trap for 4 turns
 60882 | Tomb:3   | 60882 ||| INVOKING Cleansing Flame.
 60883 | Tomb:3   | 60883 ||| INVOKING Cleansing Flame.
 60883 | Tomb:3   | Noticed a royal mummy
 60884 | Tomb:3   | 60884 ||| INVOKING Summon Divine Warrior.
 60887 | Tomb:3   | 60887 ||| INVOKING Cleansing Flame.
 60887 | Tomb:3   | Noticed a royal mummy
 60896 | Tomb:3   | Gained mutation: Your body sometimes deteriorates upon
                  | taking damage. [mutagenic glow]
 60897 | Tomb:3   | Killed a royal mummy
 60898 | Tomb:3   | 60898 ||| INVOKING Cleansing Flame.
 60904 | Tomb:3   | Killed a royal mummy
 60919 | Tomb:3   | Gained mutation: You are weak. (Str -2) [mutagenic glow]
 60921 | Tomb:3   | 60921 ||| INVOKING Cleansing Flame.
 60929 | Tomb:3   | 60929 ||| INVOKING Cleansing Flame.
 60930 | Tomb:3   | 60930 ||| INVOKING Cleansing Flame.
 60930 | Tomb:3   | Gained mutation: Your body often deteriorates upon taking
                  | damage. [mutagenic glow]
 60947 | Tomb:3   | Gained mutation: Armour fits poorly on your strangely
                  | shaped body. [mutagenic glow]
 60951 | Tomb:3   | 60951 ||| INVOKING Cleansing Flame.
 60952 | Tomb:3   | 60952 ||| INVOKING Cleansing Flame.
 60993 | Tomb:3   | Identified the +2 scale mail "Hulloosch" {Slay+4 Stlth-}
 61044 | Tomb:3   | 61044 ||| DRINKING 3 potions of mutation.
 61044 | Tomb:3   | Lost mutation: Your flesh is cold resistant. (rC+) [potion
                  | of mutation]
 61044 | Tomb:3   | Lost mutation: You are weak. (Str -2) [potion of mutation]
 61044 | Tomb:3   | Lost mutation: Your body often deteriorates upon taking
                  | damage. [potion of mutation]
 61044 | Tomb:3   | Gained mutation: Your magical capacity is very low. (-20%
                  | MP) [potion of mutation]
 61047 | Tomb:3   | 61047 ||| DRINKING 2 potions of mutation.
 61047 | Tomb:3   | Lost mutation: Armour fits poorly on your strangely shaped
                  | body. [potion of mutation]
 61047 | Tomb:3   | Lost mutation: Your magical capacity is very low. (-20% MP)
                  | [potion of mutation]
 61047 | Tomb:3   | Gained mutation: You occasionally shout uncontrollably at
                  | your foes. [potion of mutation]
 61047 | Tomb:3   | Gained mutation: You occasionally lose the ability to drink
                  | potions when taking damage. [potion of mutation]
 61047 | Tomb:3   | Gained mutation: You sometimes lose the ability to drink
                  | potions when taking damage. [potion of mutation]
 61047 | Tomb:3   | Gained mutation: You have sharp toenails. [potion of
                  | mutation]
 61048 | Tomb:3   | 61048 ||| DRINKING potion of mutation.
 61048 | Tomb:3   | Lost mutation: Your body sometimes deteriorates upon taking
                  | damage. [potion of mutation]
 61048 | Tomb:3   | Lost mutation: You sometimes lose the ability to drink
                  | potions when taking damage. [potion of mutation]
 61048 | Tomb:3   | Gained mutation: You are very dopey. (Int -4) [potion of
                  | mutation]
 61048 | Tomb:3   | Gained mutation: You are frail. (-10% HP) [potion of
                  | mutation]
 61078 | Tomb:3   | Noticed a royal mummy
 61079 | Tomb:3   | 61079 ||| INVOKING Summon Divine Warrior.
 61081 | Tomb:3   | Noticed a royal mummy
 61084 | Tomb:3   | 61084 ||| INVOKING Summon Divine Warrior.
 61092 | Tomb:3   | 61092 ||| INVOKING Cleansing Flame.
 61093 | Tomb:3   | 61093 ||| INVOKING Cleansing Flame.
 61094 | Tomb:3   | 61094 ||| INVOKING Cleansing Flame.
 61096 | Tomb:3   | Killed a royal mummy
 61103 | Tomb:3   | 61103 ||| INVOKING Cleansing Flame.
 61108 | Tomb:3   | Noticed a royal mummy
 61111 | Tomb:3   | Killed a royal mummy
 61114 | Tomb:3   | 61114 ||| INVOKING Cleansing Flame.
 61118 | Tomb:3   | Killed a royal mummy
 61124 | Tomb:3   | Noticed a royal mummy
 61126 | Tomb:3   | Noticed a royal mummy
 61131 | Tomb:3   | HP: 39/173 [royal mummy (11)]
 61132 | Tomb:3   | 61132 ||| READING 10 scrolls of teleportation.
 61133 | Tomb:3   | 61133 ||| DRINKING 9 potions of heal wounds.
 61134 | Tomb:3   | Killed a royal mummy
 61140 | Tomb:3   | 61140 ||| INVOKING Summon Divine Warrior.
 61155 | Tomb:3   | 61155 ||| INVOKING Cleansing Flame.
 61156 | Tomb:3   | Killed a royal mummy
 61399 | Tomb:3   | Identified the +4 dagger "Impslayer" {venom, *Slow rElec
                  | Dex+3}
 61493 | Tomb:3   | Identified the +0 ring mail of the Fae Wumpus {rPois}
 61535 | Tomb:3   | Identified the +5 plate armour of a wizard's laboratory
                  | {*Slow +Inv Dex+4}
 61538 | Tomb:3   | Identified the +0 helmet of Loss {Rampage rCorr Dex+4
                  | Slay+5}
 61548 | Tomb:3   | Identified the staff of death "Ystywoac" {rC+++ rN+ Will++
                  | Str-4 Int+3 Dex-2}
 61555 | Tomb:3   | Identified the +0 robe of the Ward {+Blink Str+6}
 61563 | Tomb:3   | 61563 ||| DROPPING +2 broad axe of freezing.
 61599 | Tomb:3   | Identified the +2 leather armour of the Loving Gods {Dex+5}
 61601 | Tomb:3   | Identified the ring "Vibon" {rF+ Str+4}
 61603 | Tomb:3   | Identified the +1 scale mail of Immorality {Harm rF- rC+
                  | Will+}
 61656 | Tomb:3   | Got a golden rune of Zot
 61720 | Tomb:3   | 61720 ||| PLANNING ABYSS
 61720 | Tomb:3   | 61720 ||| SWAPPING to +9 spectral war axe.
 61721 | Tomb:3   | 61721 ||| UPGRADING to +0 helmet of Loss {Rampage rCorr
                  | Dex+4 Slay+5}.
 61731 | Tomb:3   | 61731 ||| DROPPING +2 helmet.
 61732 | Tomb:3   | 61732 ||| DROPPING +0 helmet of Ciaffi {rPois rCorr Str+2}.
 61733 | Tomb:3   | 61733 ||| DROPPING ring of protection from fire.
 62256 | Depths:1 | Voluntarily entered the Abyss.
 62341 | Abyss:2  | 62341 ||| Stepping ~*~*~tactically~*~*~ (stealth).
 62354 | Abyss:2  | 62354 ||| Stepping ~*~*~tactically~*~*~ (stealth).
 62369 | Abyss:2  | 62369 ||| Stepping ~*~*~tactically~*~*~ (stealth).
 62379 | Abyss:2  | 62379 ||| Stepping ~*~*~tactically~*~*~ (hiding).
 62409 | Abyss:2  | 62409 ||| Stepping ~*~*~tactically~*~*~ (stealth).
 62447 | Abyss:2  | 62447 ||| INVOKING Cleansing Flame.
 62448 | Abyss:2  | Noticed a dread lich
 62449 | Abyss:2  | 62449 ||| INVOKING Summon Divine Warrior.
 62454 | Abyss:2  | 62454 ||| INVOKING Cleansing Flame.
 62454 | Abyss:2  | Killed a dread lich
 62769 | Abyss:2  | Found a corrupted altar of Lugonu.
 63068 | Abyss:2  | Found a corrupted altar of Lugonu.
 63222 | Abyss:2  | Found a corrupted altar of Lugonu.
 63240 | Abyss:2  | Reached skill level 27 in Armour
 63270 | Abyss:2  | 63270 ||| Stepping ~*~*~tactically~*~*~ (stealth).
 63401 | Abyss:3  | 63401 ||| Stepping ~*~*~tactically~*~*~ (stealth).
 63407 | Abyss:3  | 63407 ||| Stepping ~*~*~tactically~*~*~ (stealth).
 63421 | Abyss:3  | 63421 ||| INVOKING Summon Divine Warrior.
 63423 | Abyss:3  | 63423 ||| INVOKING Cleansing Flame.
 63430 | Abyss:3  | Noticed a dread lich
 63435 | Abyss:3  | 63435 ||| Stepping ~*~*~tactically~*~*~ (hiding).
 63436 | Abyss:3  | 63436 ||| INVOKING Summon Divine Warrior.
 63437 | Abyss:3  | 63437 ||| INVOKING Cleansing Flame.
 63441 | Abyss:3  | Killed a dread lich
 63585 | Abyss:4  | 63585 ||| Stepping ~*~*~tactically~*~*~ (stealth).
 63593 | Abyss:4  | 63593 ||| Stepping ~*~*~tactically~*~*~ (stealth).
 63602 | Abyss:4  | 63602 ||| Stepping ~*~*~tactically~*~*~ (stealth).
 63603 | Abyss:4  | 63603 ||| Stepping ~*~*~tactically~*~*~ (hiding).
 63604 | Abyss:4  | 63604 ||| Stepping ~*~*~tactically~*~*~ (hiding).
 63606 | Abyss:4  | 63606 ||| Stepping ~*~*~tactically~*~*~ (hiding).
 63613 | Abyss:4  | 63613 ||| Stepping ~*~*~tactically~*~*~ (stealth).
 63619 | Abyss:4  | 63619 ||| Stepping ~*~*~tactically~*~*~ (hiding).
 63629 | Abyss:4  | Found a corrupted altar of Lugonu.
 63633 | Abyss:4  | 63633 ||| Stepping ~*~*~tactically~*~*~ (stealth).
 63638 | Abyss:4  | 63638 ||| INVOKING Summon Divine Warrior.
 63646 | Abyss:4  | Gained mutation: Armour fits poorly on your strangely
                  | shaped body. [a neqoxec]
 63647 | Abyss:4  | Lost mutation: You occasionally lose the ability to drink
                  | potions when taking damage. [a neqoxec]
 63650 | Abyss:4  | 63650 ||| INVOKING Summon Divine Warrior.
 63772 | Abyss:4  | Reached skill level 18 in Invocations
 63893 | Abyss:4  | 63893 ||| Stepping ~*~*~tactically~*~*~ (hiding).
 63964 | Abyss:4  | 63964 ||| Stepping ~*~*~tactically~*~*~ (stealth).
 63967 | Abyss:4  | 63967 ||| Stepping ~*~*~tactically~*~*~ (stealth).
 64002 | Abyss:4  | 64002 ||| Stepping ~*~*~tactically~*~*~ (hiding).
 64041 | Abyss:4  | Found a corrupted altar of Lugonu.
 64054 | Abyss:4  | 64054 ||| Stepping ~*~*~tactically~*~*~ (stealth).
 64063 | Abyss:4  | 64063 ||| Stepping ~*~*~tactically~*~*~ (stealth).
 64089 | Abyss:4  | 64089 ||| Stepping ~*~*~tactically~*~*~ (stealth).
 64143 | Abyss:4  | Gained mutation: You sometimes lose your temper in combat.
                  | [a cacodemon]
 64148 | Abyss:4  | Gained mutation: You are clumsy. (Dex -2) [a cacodemon]
 64201 | Abyss:4  | 64201 ||| Stepping ~*~*~tactically~*~*~ (hiding).
 64213 | Abyss:4  | 64213 ||| Stepping ~*~*~tactically~*~*~ (hiding).
 64241 | Abyss:4  | 64241 ||| Stepping ~*~*~tactically~*~*~ (stealth).
 64254 | Abyss:4  | 64254 ||| Stepping ~*~*~tactically~*~*~ (hiding).
 64256 | Abyss:4  | 64256 ||| Stepping ~*~*~tactically~*~*~ (stealth).
 64257 | Abyss:4  | 64257 ||| Stepping ~*~*~tactically~*~*~ (hiding).
 64275 | Abyss:4  | 64275 ||| Stepping ~*~*~tactically~*~*~ (stealth).
 64315 | Abyss:4  | 64315 ||| Stepping ~*~*~tactically~*~*~ (stealth).
 64321 | Abyss:4  | 64321 ||| Stepping ~*~*~tactically~*~*~ (stealth).
 64322 | Abyss:4  | 64322 ||| Stepping ~*~*~tactically~*~*~ (hiding).
 64325 | Abyss:4  | 64325 ||| Stepping ~*~*~tactically~*~*~ (hiding).
 64400 | Abyss:4  | 64400 ||| Stepping ~*~*~tactically~*~*~ (hiding).
 64405 | Abyss:4  | 64405 ||| Stepping ~*~*~tactically~*~*~ (hiding).
 64417 | Abyss:4  | 64417 ||| INVOKING Cleansing Flame.
 64418 | Abyss:4  | 64418 ||| INVOKING Cleansing Flame.
 64419 | Abyss:4  | 64419 ||| Stepping ~*~*~tactically~*~*~ (hiding).
 64420 | Abyss:4  | 64420 ||| Stepping ~*~*~tactically~*~*~ (hiding).
 64421 | Abyss:4  | 64421 ||| Stepping ~*~*~tactically~*~*~ (hiding).
 64436 | Abyss:4  | 64436 ||| Stepping ~*~*~tactically~*~*~ (hiding).
 64467 | Abyss:4  | 64467 ||| INVOKING Summon Divine Warrior.
 64476 | Abyss:4  | HP: 32/176 [disintegration (37)]
 64477 | Abyss:4  | 64477 ||| DRINKING 8 potions of heal wounds.
 64481 | Depths:1 | Escaped the Abyss
 64740 | Depths:1 | Voluntarily entered the Abyss.
 64789 | Abyss:4  | 64789 ||| Stepping ~*~*~tactically~*~*~ (hiding).
 64790 | Abyss:4  | 64790 ||| Stepping ~*~*~tactically~*~*~ (hiding).
 64791 | Abyss:4  | 64791 ||| Stepping ~*~*~tactically~*~*~ (hiding).
 64802 | Abyss:4  | 64802 ||| INVOKING Summon Divine Warrior.
 64811 | Abyss:4  | 64811 ||| Stepping ~*~*~tactically~*~*~ (hiding).
 64857 | Abyss:4  | 64857 ||| Stepping ~*~*~tactically~*~*~ (stealth).
 64861 | Abyss:4  | Paralysed by accursed screaming for 1 turns
 64878 | Abyss:4  | 64878 ||| FLEEEEING.
 64888 | Abyss:4  | 64888 ||| Stepping ~*~*~tactically~*~*~ (hiding).
 64890 | Abyss:4  | Gained mutation: Your magical capacity is very low. (-20%
                  | MP) [a neqoxec]
 64891 | Abyss:4  | 64891 ||| Stepping ~*~*~tactically~*~*~ (hiding).
 64923 | Abyss:4  | 64923 ||| Stepping ~*~*~tactically~*~*~ (stealth).
 64956 | Abyss:4  | 64956 ||| Stepping ~*~*~tactically~*~*~ (stealth).
 64957 | Abyss:4  | 64957 ||| Stepping ~*~*~tactically~*~*~ (stealth).
 65000 | Abyss:4  | 65000 ||| Stepping ~*~*~tactically~*~*~ (stealth).
 65030 | Abyss:4  | 65030 ||| Stepping ~*~*~tactically~*~*~ (stealth).
 65031 | Abyss:4  | 65031 ||| Stepping ~*~*~tactically~*~*~ (stealth).
 65033 | Abyss:4  | 65033 ||| Stepping ~*~*~tactically~*~*~ (stealth).
 65041 | Abyss:4  | 65041 ||| Stepping ~*~*~tactically~*~*~ (stealth).
 65084 | Abyss:4  | 65084 ||| Stepping ~*~*~tactically~*~*~ (stealth).
 65085 | Abyss:4  | 65085 ||| Stepping ~*~*~tactically~*~*~ (stealth).
 65114 | Abyss:5  | 65114 ||| Stepping ~*~*~tactically~*~*~ (stealth).
 65154 | Abyss:5  | 65154 ||| Stepping ~*~*~tactically~*~*~ (hiding).
 65156 | Abyss:5  | 65156 ||| Stepping ~*~*~tactically~*~*~ (stealth).
 65175 | Abyss:5  | 65175 ||| Stepping ~*~*~tactically~*~*~ (hiding).
 65176 | Abyss:5  | 65176 ||| Stepping ~*~*~tactically~*~*~ (stealth).
 65177 | Abyss:5  | 65177 ||| Stepping ~*~*~tactically~*~*~ (hiding).
 65178 | Abyss:5  | 65178 ||| Stepping ~*~*~tactically~*~*~ (stealth).
 65179 | Abyss:5  | 65179 ||| Stepping ~*~*~tactically~*~*~ (stealth).
 65182 | Abyss:5  | 65182 ||| Stepping ~*~*~tactically~*~*~ (stealth).
 65203 | Abyss:5  | Reached skill level 27 in Fighting
 65211 | Abyss:5  | Gained mutation: You occasionally lose the ability to read
                  | scrolls when taking damage. [a neqoxec]
 65228 | Abyss:5  | 65228 ||| Stepping ~*~*~tactically~*~*~ (stealth).
 65229 | Abyss:5  | 65229 ||| FLEEEEING.
 65230 | Abyss:5  | 65230 ||| Stepping ~*~*~tactically~*~*~ (hiding).
 65231 | Abyss:5  | 65231 ||| FLEEEEING.
 65293 | Abyss:5  | 65293 ||| Stepping ~*~*~tactically~*~*~ (stealth).
 65297 | Abyss:5  | 65297 ||| Stepping ~*~*~tactically~*~*~ (hiding).
 65298 | Abyss:5  | 65298 ||| Stepping ~*~*~tactically~*~*~ (hiding).
 65309 | Abyss:5  | 65309 ||| Stepping ~*~*~tactically~*~*~ (stealth).
 65314 | Abyss:5  | 65314 ||| Stepping ~*~*~tactically~*~*~ (hiding).
 65321 | Abyss:5  | 65321 ||| Stepping ~*~*~tactically~*~*~ (hiding).
 65322 | Abyss:5  | 65322 ||| Stepping ~*~*~tactically~*~*~ (stealth).
 65324 | Abyss:5  | 65324 ||| Stepping ~*~*~tactically~*~*~ (hiding).
 65326 | Abyss:5  | 65326 ||| FLEEEEING.
 65333 | Abyss:5  | 65333 ||| FLEEEEING.
 65334 | Abyss:5  | 65334 ||| FLEEEEING.
 65336 | Abyss:5  | 65336 ||| Stepping ~*~*~tactically~*~*~ (hiding).
 65337 | Abyss:5  | Reached skill level 12 in Dodging
 65342 | Abyss:5  | 65342 ||| Stepping ~*~*~tactically~*~*~ (hiding).
 65377 | Abyss:5  | Reached skill level 21 in Invocations
 65391 | Abyss:5  | Reached skill level 21 in Shields
 65407 | Abyss:5  | Paralysed by accursed screaming for 1 turns
 65419 | Abyss:5  | 65419 ||| INVOKING Summon Divine Warrior.
 65466 | Abyss:5  | Paralysed by accursed screaming for 1 turns
 65480 | Abyss:5  | HP: 33/139 [starcursed mass/accursed screaming (5)]
 65481 | Abyss:5  | 65481 ||| DRINKING 7 potions of heal wounds.
 65489 | Abyss:5  | HP: 49/208 [ancient zyme (6)]
 65490 | Abyss:5  | 65490 ||| DRINKING 6 potions of heal wounds.
 65493 | Abyss:5  | 65493 ||| DRINKING 5 potions of heal wounds.
 65494 | Abyss:5  | 65494 ||| INVOKING Summon Divine Warrior.
 65501 | Abyss:5  | 65501 ||| DRINKING 4 potions of heal wounds.
 65517 | Abyss:5  | HP: 26/179 [disintegration (36)]
 65518 | Abyss:5  | 65518 ||| DRINKING 3 potions of heal wounds.
 65519 | Abyss:5  | 65519 ||| INVOKING Cleansing Flame.
 65520 | Abyss:5  | 65520 ||| INVOKING Cleansing Flame.
 65535 | Abyss:5  | Paralysed by accursed screaming for 1 turns
 65574 | Abyss:5  | 65574 ||| DRINKING 2 potions of heal wounds.
 65577 | Abyss:5  | HP: 42/179 [efreet/+3 scimitar of flaming (6)]
 65578 | Abyss:5  | 65578 ||| DRINKING potion of heal wounds.
 65589 | Abyss:5  | Gained mutation: Your magical capacity is extremely low.
                  | (-30% MP) [a neqoxec]
 65593 | Abyss:5  | HP: 36/179 [daeva/divine providence (11)]
 65594 | Abyss:5  | 65594 ||| READING 10 scrolls of teleportation.
 65603 | Abyss:5  | HP: 26/179 [death knight/+2 morningstar (4)]
 65604 | Abyss:5  | HP: 3/179 [mirror damage (19)]
 65604 | Abyss:6  | Noticed an ancient lich
 65605 | Abyss:6  | 65605 ||| READING 9 scrolls of teleportation.
 65606 | Abyss:6  | Killed from afar by an ancient lich

Levels and vault maps discovered:
D:1:      minmay_arrival_stair_chambers, layout_basic, serial_shops, shop,
          hellmonk_ecumenical_altar_run_dry, minmay_tree_intersection
D:2:      layout_basic, basic_altar, minmay_tromino_v7
D:3:      layout_loops_ring, mainiacjoe_overflow_boulevard, portal_sewer_entry_a
D:4:      layout_rooms, eat_drink_and_be_merry_uskayaw,
          mainiacjoe_overflow_chevrons, minmay_liquid_box, uniq_menkaure
D:5:      layout_loops_corners, elyvilon_altar_3, temple_doors_e,
          chequers_ossuary_entry_cave, grunt_decor_junction
D:6:      layout_basic, grunt_dithmenos_smoke, trog_three_pillars_becter,
          serial_shops, nicolae_shop_waterfront, ebering_ghost_xom,
          serial_bayou_pond_a
D:7:      layout_gridville, gammafunk_ghost_necromancy,
          minmay_shop_enchanted_jewellery, eino_jars
D:8:      minmay_general_purpose_star, layout_basic,
          mainiacjoe_overflow_big_doors, serial_shops,
          nicolae_inconvenience_store
D:9:      layout_basic, nemelex_spade_bored_becter, xom_butterflies,
          gammafunk_ghost_stat_death
D:10:     layout_long_grid, hangedman_decor_clover_reticule,
          dreamdust_gnoll_shepherd
D:11:     layout_stronghold, lair_entry_dummy, st_stairs_6
D:12:     layout_cave_pods, zombieorc1_lemuel, serial_shops,
          nicolae_shop_hallway_plus, lightli_fourway_metalbox
D:13:     layout_loops_cross, lightli_vaults_fourway_checkpoint
D:14:     layout_cave_pools, serial_bayou_lagoon_a, corner_web_ring,
          nicolae_gozag_cash_rules_everything_around_me, uniq_agnes, uniq_snorg,
          uniq_frances
D:15:     grunt_enter_depths_hoard, layout_long_grid, serial_park_gazebo
          [serial_park_minivault_5x5_7]
Temple:   minmay_temple_forest_path
Lair:1:   layout_loops_ring, gammafunk_ghost_split, serial_bayou_shore_b,
          serial_bayou_shore_b
Lair:2:   layout_chaotic_city, chequers_serial_rivers_room_b,
          lemuel_old_faithful, uniq_maggie, uniq_urug
Lair:3:   layout_loops_ring, minmay_shoals_entry_centaurs,
          nicolae_spider_entry_tight_spaces, gauntlet_entry_generic,
          nicolae_lair_grazing_beasts [nicolae_sub_lair_graze_edge,
          nicolae_sub_lair_graze_edge, nicolae_sub_lair_graze_edge,
          nicolae_sub_lair_graze_edge], lemuel_fruit_fields,
          infiniplex_staircase_pool_2
Lair:4:   layout_cave_shapes, slime_entry_2, ebering_ghost_reflecting_pool,
          pond, grunt_megastairs_4, lemuel_fruit_tree
Lair:5:   guppyfry_lair_end_dragon, layout_long_grid, wormcave,
          portal_ice_cave_entry_pillars_2
Shoals:1: layout_shoals, serial_shops, shop
Shoals:2: layout_shoals, uniq_nikola
Shoals:3: layout_shoals, nicolae_shoals_dead_sea_scrolls
Shoals:4: shoals_end_grunt_ice, layout_shoals, serial_shops,
          nicolae_shop_tiny_glass
Spider:1: layout_cave_pods, special_room, uniq_donald
Spider:2: layout_spider_delve
Spider:3: layout_spider_delve, uniq_bai_suzhen
Spider:4: grunt_spider_rune_parallel
Slime:1:  layout_caves, basic_altar, cheibrodos_slime_lost_civilization_5
Slime:2:  layout_caves
Slime:3:  layout_caves
Slime:4:  layout_caves
Slime:5
Orc:1:    layout_caves, uniq_nergalle
Orc:2:    grunt_orc_community_town_hall, layout_caves,
          grunt_orc_community_big_house_1, grunt_orc_community_big_house_2,
          grunt_orc_community_house_2, grunt_orc_community_house_1,
          grunt_orc_community_house_2, grunt_orc_community_house_3,
          grunt_orc_community_house_3, uniq_azrael
Vaults:1: nicolae_vaults_offset_grid_hallway_2,
          nicolae_vaults_closet_pinwheel_5, nicolae_vaults_tetromino_T_1,
          v_misc_28, ontoclasm_vaults_fault, nicolae_vaults_what_the_h,
          vaults_room_door_hall, nicolae_vaults_closet_pinwheel_2,
          hangedman_vaults_impose, v_misc_27, hangedman_vaults_impose,
          nicolae_vaults_ring_of_whatevers, nicolae_vaults_enemy_cabinets,
          nicolae_vaults_house_2, ontoclasm_vaults_gateway,
          nicolae_vaults_trapezoid_lopsided_1, layout_vaults_ring
Vaults:2: kb_rosetta, v_misc_22, nicolae_vaults_prndl,
          grunt_vaults_hallway_short, v_misc_8, v_alt_pattern_2,
          nicolae_vaults_oval_intersection, nicolae_vaults_mini_display_case,
          ontoclasm_vaults_twist, layout_vaults_big_room
Vaults:3: nicolae_vaults_network_s, nicolae_vaults_windows_and_doors_thing,
          vaults_room_fours, nicolae_vaults_sesquioval_fish, v_rooms_1,
          v_misc_30, nicolae_vaults_shelves_hall, vaults_room_grid,
          minmay_crypt_entry_vampire_xt, v_misc_8, v_misc_17, vaults_room_grid,
          layout_vaults_big_cross, serial_shops, shop, serial_glass
Vaults:4: v_misc_29, hangedman_vaults_maws, nicolae_vaults_variable_pillar_hall,
          nicolae_vaults_more_shelving_1, dpeg_vaults_monster_box,
          layout_vaults_omnigrid
Vaults:5: uniq_margery, uniq_sojobo, uniq_xtahua
Crypt:1:  cheibrodos_crypt_3hun_7po, layout_misc_corridors, st_stairs_10,
          grunt_ministairs_1, st_burial_chamber,
          grunt_crypt_arrival_guarded_gate
Crypt:2:  gammafunk_sealed_library, layout_misc_corridors, lemuel_freeze_loot_1
Crypt:3:  david_glass_crypt, layout_misc_corridors, tomb_entry_sphere_bobbens,
          minmay_guarded_unrand_zonguldrok
Tomb:1
Tomb:2
Tomb:3
Depths:1: layout_cave_shapes, abyss_entry_flame_altar, grunt_hell_entry_dis_mu,
          minmay_misc_feat_more_columns, hex_large, nicolae_titane
Depths:2: wad_arrow_thing, layout_basic, rand_demon_pan_entry_3, hell_entry,
          corexii_leaking_fountain
Depths:3: thingy_vault_2, layout_cave_shapes, abyss_entry, hell_entry,
          pan_entry, minmay_misc_feat_square, minmay_shop_star
Depths:4: grunt_zot_entry_alcove, layout_basic, enter_ziggurat_c, hellmouth_3,
          minmay_shop_grove
Zot:1:    layout_gridlike, gammafunk_ghost_berserking_beasts,
          nicolae_diode_basic
Zot:2:    layout_cellular_growth
Zot:3:    layout_gridlike, uniq_josephina
Zot:4:    nicolae_zot_stationary_front, layout_basic, grunt_ministairs_15,
          hangedman_elemental_corridor, uniq_vv
Abyss:6:  base: Spider:3, hangedman_eye_storm, evilmike_abyss_rune_tso_outpost

Skill      XL: |  1  2  3  4  5  6  7  8  9 10 11 12 13 14 15 16 17 18 19 20 21 22 23 24 25 26 27 |
---------------+----------------------------------------------------------------------------------+-----
Axes           | 2 3 4 5 6 7 8 9 10 12 14 15 16 18 | 18.0
Throwing       | 1 2 3 6 8 9 10 11 12 13 14 | 14.0
Fighting       | 4 5 6 7 8 10 11 12 13 14 15 17 18 20 22 24 25 27 | 27.0
Dodging        | 1 2 3 4 5 6 7 8 9 10 12 | 12.8
Armour         | 4 8 9 10 12 13 14 16 17 19 20 22 23 25 27 | 27.0
Invocations    | 2 4 7 10 15 22 | 22.0
Shields        | 4 9 12 13 14 15 16 17 18 19 20 21 | 21.0

Action                     |  1- 3 |  4- 6 |  7- 9 | 10-12 | 13-15 | 16-18 | 19-21 | 22-24 | 25-27 || total
---------------------------+-------+-------+-------+-------+-------+-------+-------+-------+-------++-------
  Melee: War axe           |    88 |   164 |   273 |   378 |   727 |   803 |   937 |   989 |  1638 ||  5997
         Morningstar       |       |       |       |       |    31 |       |       |       |       ||    31
         Broad axe         |       |       |       |       |       |       |       |       |   494 ||   494
  Throw: Javelin           |    22 |    16 |     4 |    73 |    56 |   119 |    78 |   175 |       ||   543
         Boomerang         |       |    49 |    36 |    30 |   100 |    59 |     6 |       |    93 ||   373
 Invoke: Heroism           |       |       |    10 |    20 |    40 |    24 |    23 |    50 |       ||   167
         Finesse           |       |       |       |     2 |     7 |     4 |    10 |     6 |       ||    29
         Cleansing Flame   |       |       |       |       |       |       |       |       |    65 ||    65
         Brand Weapon With |       |       |       |       |       |       |       |       |     1 ||     1
         Summon Divine War |       |       |       |       |       |       |       |       |    27 ||    27
    Use: Scroll            |     4 |    10 |     6 |    11 |     5 |     5 |     6 |     4 |     8 ||    59
         Potion            |       |     1 |     2 |     2 |     1 |     1 |     6 |    11 |    22 ||    46
   Stab: Distracted        |       |       |       |     2 |    12 |    29 |    22 |    24 |     1 ||    90
 Armour: Scale mail        |    52 |    10 |       |       |       |       |       |       |       ||    62
         Chain mail        |       |    97 |   127 |       |       |       |       |       |       ||   224
         Crystal plate arm |       |       |    84 |   188 |   380 |   408 |   486 |   436 |   812 ||  2794
         Skin              |       |       |       |       |       |       |       |       |     7 ||     7
  Dodge: Dodged            |    43 |    72 |    99 |    49 |   133 |   174 |   226 |   331 |   684 ||  1811
  Block: Buckler           |    17 |    29 |    60 |     4 |       |       |       |       |       ||   110
         Tower shield      |       |       |       |   142 |       |       |       |    47 |     6 ||   195
         Kite shield       |       |       |       |    52 |   347 |   423 |   478 |   457 |  1226 ||  2983

Table legend:
 A = Non-vault XP
 B = Vault XP
 C = Vault XP percentage of total XP
 D = Non-vault monster count
 E = Vault monster count
 F = Vault count percentage of total count
                 A         B        C        D         E       F
            +---------+---------+-------+---------+---------+-------
      Total | 1095302 |  587092 |  34.9 |    2103 |     817 |  28.0
            +---------+---------+-------+---------+---------+-------
        D:1 |      29 |       0 |   0.0 |      20 |       0 |   0.0
        D:2 |      52 |       3 |   5.5 |      16 |       2 |  11.1
        D:3 |      66 |      33 |  33.3 |      22 |       6 |  21.4
        D:4 |     156 |     169 |  52.0 |      13 |       1 |   7.1
        D:5 |     388 |       0 |   0.0 |       8 |       0 |   0.0
        D:6 |    1234 |       0 |   0.0 |      21 |       0 |   0.0
        D:7 |    1542 |     441 |  22.2 |      30 |       7 |  18.9
        D:8 |    1282 |      40 |   3.0 |      20 |       1 |   4.8
        D:9 |    2169 |       0 |   0.0 |      22 |       0 |   0.0
       D:10 |    1074 |     309 |  22.3 |      14 |       2 |  12.5
       D:11 |    1688 |     665 |  28.3 |      10 |       3 |  23.1
       D:12 |    5992 |    2709 |  31.1 |      23 |      32 |  58.2
       D:13 |    6354 |    6331 |  49.9 |      21 |      12 |  36.4
       D:14 |   12947 |    3845 |  22.9 |      26 |       3 |  10.3
       D:15 |    3144 |    1756 |  35.8 |      11 |       2 |  15.4
     Lair:1 |    5599 |       0 |   0.0 |      25 |       0 |   0.0
     Lair:2 |    5720 |    1202 |  17.4 |      24 |       2 |   7.7
     Lair:3 |    4882 |    2173 |  30.8 |      16 |      11 |  40.7
     Lair:4 |    7531 |    5953 |  44.1 |      21 |      11 |  34.4
     Lair:5 |   11109 |    9231 |  45.4 |      38 |      28 |  42.4
   Shoals:1 |   10606 |       0 |   0.0 |      22 |       0 |   0.0
   Shoals:2 |   15906 |    2335 |  12.8 |      32 |       1 |   3.0
   Shoals:3 |   13087 |       0 |   0.0 |      24 |       0 |   0.0
   Shoals:4 |   13307 |   18888 |  58.7 |      31 |      29 |  48.3
   Spider:1 |   15058 |    1400 |   8.5 |      34 |       1 |   2.9
   Spider:2 |   18713 |       0 |   0.0 |      52 |       0 |   0.0
   Spider:3 |   18929 |    3010 |  13.7 |      49 |       1 |   2.0
   Spider:4 |   12180 |   13855 |  53.2 |      26 |      29 |  52.7
    Slime:1 |    6666 |       0 |   0.0 |      16 |       0 |   0.0
    Slime:3 |    2852 |       0 |   0.0 |       5 |       0 |   0.0
    Slime:4 |    2184 |       0 |   0.0 |       5 |       0 |   0.0
    Slime:5 |    6077 |   25206 |  80.6 |      12 |      16 |  57.1
      Orc:1 |    3275 |     779 |  19.2 |      27 |       1 |   3.6
      Orc:2 |    1979 |    7900 |  80.0 |      24 |      76 |  76.0
   Vaults:1 |   18839 |   17491 |  48.1 |      29 |      27 |  48.2
   Vaults:2 |   31957 |    7244 |  18.5 |      45 |       8 |  15.1
   Vaults:3 |   24610 |   20212 |  45.1 |      39 |      32 |  45.1
   Vaults:4 |   23291 |   20812 |  47.2 |      36 |      24 |  40.0
   Vaults:5 |   37019 |  102765 |  73.5 |      45 |      81 |  64.3
    Crypt:1 |   25222 |    9271 |  26.9 |      51 |      18 |  26.1
    Crypt:2 |   29607 |       0 |   0.0 |      51 |       0 |   0.0
    Crypt:3 |   38549 |   25899 |  40.2 |      52 |      40 |  43.5
     Tomb:1 |    8689 |   84708 |  90.7 |      28 |      52 |  65.0
     Tomb:2 |    7924 |   40935 |  83.8 |      14 |      52 |  78.8
     Tomb:3 |   19330 |   73502 |  79.2 |      31 |      85 |  73.3
   Depths:1 |   20143 |       0 |   0.0 |      22 |       0 |   0.0
   Depths:2 |   33268 |   13879 |  29.4 |      37 |      16 |  30.2
   Depths:3 |   17287 |       0 |   0.0 |      19 |       0 |   0.0
   Depths:4 |   30636 |   28171 |  47.9 |      37 |      30 |  44.8
      Zot:1 |   65457 |       0 |   0.0 |      57 |       0 |   0.0
      Zot:2 |   47591 |       0 |   0.0 |      37 |       0 |   0.0
      Zot:3 |   29411 |    4394 |  13.0 |      23 |       6 |  20.7
      Zot:4 |   35681 |   20830 |  36.9 |      29 |      17 |  37.0
    Abyss:2 |   65207 |       0 |   0.0 |     120 |       0 |   0.0
    Abyss:3 |   15602 |       0 |   0.0 |      25 |       0 |   0.0
    Abyss:4 |  162004 |    5616 |   3.4 |     298 |       5 |   1.7
    Abyss:5 |   94201 |    2914 |   3.0 |     218 |       2 |   0.9
      Sewer |       0 |     216 | 100.0 |       0 |      45 | 100.0
            +---------+---------+-------+---------+---------+-------
